 Dungeon Crawl Stone Soup version 0.31-a0-177-g4aa6249778 (webtiles) character file.

Game seed: 2871375261702860084

502599 qw the Slayer (level 24, -15/286 HPs)
             Began as a Naga Hunter on June 18, 2023.
             Was a High Priest of Okawaru.
             Demolished by an Orb Guardian (19 damage)
             ... on level 5 of the Realm of Zot.
             The game lasted 00:33:26 (53516 turns).

qw the Slayer (Naga Hunter)                        Turns: 53516, Time: 00:33:27

Health: -15/286    AC: 40    Str: 14    XL:     24   Next: 94%
Magic:  29/30      EV: 44    Int: 12    God:    Okawaru [*****.]
Gold:   4794       SH:  0    Dex: 43    Spells: 23/23 levels left

rFire   + . .        x - +8 storm bow {elec, penet}
rCold   + + .        (shield currently unavailable)
rNeg    . . .        y - +5 ring mail of Spite {Str+2 Int+3 Dex+2}
rPois   +            a - +2 helmet
rElec   .            s - +1 cloak of Starlight {*Dazzle EV+4 Stlth--}
rCorr   .            l - +2 pair of gloves
SInv    +            u - +2 barding {rF+}
Will    +++..        p - amulet of faith
Stlth   ++           f - ring "Inel" {rC++ Dex+6}
HPRegen 0.67/turn    h - +6 ring of dexterity
MPRegen 0.22/turn

%: faith
@: about to teleport, heroic, finesse-ful, marked, very slow
A: AC +8, large, see invisible, deformed body, poison resistance, slowness 2,
spit poison 1, naga tail 2, stinger 1, agile 1, dopey 1, robust 1, inability to
drink after injury 1, MP-powered wands
}: 3/15 runes: barnacled, silver, gossamer
a: Spit Poison, Renounce Religion, Heroism, Finesse, Duel


You were on level 5 of the Realm of Zot.
You worshipped Okawaru.
Okawaru was extremely pleased with you.
You visited 8 branches of the dungeon, and saw 44 of its levels.

You collected 7679 gold pieces.
You spent 2885 gold pieces at shops.


Innate Abilities, Weirdness & Mutations

Your serpentine skin is tough. (AC +8)
You have supernaturally acute eyesight. (SInv)
Armour fits poorly on your strangely shaped body.
Your system is resistant to poisons. (rPois)
You cover ground very slowly.
You can spit poison.
You can use your snake-like lower body to constrict enemies.
Your tail ends in a venomous barb.
You are agile. (Dex +4, Str/Int -1)
You are dopey. (Int -2)
You are robust. (+10% HP)
You occasionally lose the ability to drink potions when taking damage.
You expend magic power (3 MP) to strengthen your wands.


   Skills:
 - Level 24.0(27) Fighting
 - Level 20.0(25.0) Ranged Weapons
 - Level 15.0(20.0) Armour
 + Level 20.1(25.1) Dodging
 - Level 1.5(6.5) Stealth
 - Level 10.1 Invocations


You had 23 spell levels left.
You didn't know any spells.
Your spell library was empty.

Inventory:

Hand Weapons
 x - the +8 storm bow (weapon) {elec, penet}
   (You acquired it on level 1 of the Shoals)
 B - the +1 triple crossbow of the Asp {antimagic, Fragile Fly Will++ Str+3}
   (You found it on level 5 of the Vaults)

   Str:       It affects your strength (+3).
   Fly:       It grants you flight.
   Fragile:   It will be destroyed if unequipped.
   Will:      It greatly increases your willpower.
Armour
 a - a +2 helmet (worn)
 j - a scarf of resistance
 l - a +2 pair of gloves (worn)
 s - the +1 cloak of Starlight (worn) {*Dazzle EV+4 Stlth--}
   (Okawaru gifted it to you on level 2 of the Spider Nest)

   *Dazzle:   It may blind those who miss an attack against the wearer in melee
   combat.
   EV:        It affects your evasion (+4).
   Stlth:     It makes you much less stealthy.
 u - a +2 barding of fire resistance (worn)
 y - the +5 ring mail of Spite (worn) {Str+2 Int+3 Dex+2}
   (You took it off a merfolk javelineer on level 1 of the Depths)

   Str:       It affects your strength (+2).
   Int:       It affects your intelligence (+3).
   Dex:       It affects your dexterity (+2).
Jewellery
 f - the ring "Inel" (left hand) {rC++ Dex+6}
   (You took it off a vault warden on level 5 of the Vaults)

   [ring of dexterity]

   Dex:       It affects your dexterity (+6).
   rC:        It greatly protects you from cold.
 h - a +6 ring of dexterity (right hand)
 p - an amulet of faith (around neck)
 z - the amulet of Deefev {Regen+ MP+9 Str+4}
   (You took it off an ironbound convoker on level 5 of the Vaults)

   [amulet of regeneration]

   Str:       It affects your strength (+4).
   MP:        It affects your magic capacity (+9).
   Regen:     It increases your rate of health regeneration.
Wands
 n - a wand of digging (16)
Scrolls
 d - 3 scrolls of enchant weapon
 k - 2 scrolls of identify
 m - 4 scrolls of teleportation
 r - a scroll of brand weapon
Potions
 b - 15 potions of might
 e - 9 potions of haste
 g - 5 potions of cancellation
 o - 14 potions of curing
 q - 6 potions of mutation
 t - 5 potions of magic
 v - 5 potions of enlightenment

Dungeon Overview and Level Annotations

Branches:
Dungeon (15/15)            Temple (0/1) D:6            Lair (5/5) D:11
 Shoals (4/4) Lair:2       Spider (4/4) Lair:3        Slime (0/5) Lair:4
    Orc (2/2) D:9             Elf (0/3) Orc:2        Vaults (5/5) D:13
  Crypt (0/3) Vaults:3     Depths (4/4) D:15            Zot (5/5) Depths:4

Altars:
Cheibriados
Elyvilon
Fedhas
Hepliaklqana
Kikubaaqudgha
Okawaru
Qazlal
Ru
Sif Muna
Uskayaw
Xom
Yredelemnul
Zin
The Shining One
Jiyva

Shops:
D:1 ?   Orc:1 ?   Orc:2 [!?!   Vaults:2 ?   Zot:3 *   Depths:2 *

Portals:
Hell: Depths:1 Depths:2 Depths:3 Depths:4
Abyss: Depths:3
Pandemonium: Depths:1 Depths:2 Depths:4
Ziggurat: Depths:4
Trove: Vaults:1 (give 13 scrolls of teleportation)

Annotations:
D:14 4 transporters
Vaults:1 3 runed translucent doors, Sianeop's ghost, adept GrFi
Vaults:3 1 runed translucent door, qw's ghost, adept GrHu
Vaults:4 3 runed translucent doors, qw's ghost, adept NaHu
Depths:3 2 runed translucent doors


Message History

The orb of fire is severely damaged.
The arrow pierces through the orb of fire.
The orb of fire is heavily damaged.
The arrow misses the orb of fire.
The dread lich touches you but does no damage.
The Executioner completely misses you.
The Executioner's sight is seared by the starlight!
The Executioner hits you. The Executioner completely misses you.
The moth of wrath barely misses you.
You shoot an arrow. The arrow misses the orb of fire.
The arrow barely misses the orb of fire.
The arrow pierces through the orb of fire!
The orb of fire is heavily damaged.
The arrow pierces through the orb of fire!
The orb of fire is moderately damaged.
The Executioner completely misses you. The Executioner closely misses you. x2
You shoot an arrow. The arrow misses the orb of fire.
The arrow pierces through the orb of fire!!
The orb of fire is severely damaged.
The arrow closely misses the orb of fire.
The Executioner misses you.
The Executioner completely misses you. x2
The dread lich misses you.
The purple draconian completely misses you.
The Ice Fiend calls on the powers of darkness!
The purple draconian shifter convulses!
The quicksilver dragon convulses!
The purple draconian convulses!
The Orb Guardian convulses! x2
The moth of wrath convulses!
Your body is wracked with pain!
The Orb Guardian convulses!
The yellow draconian annihilator convulses!
You shoot an arrow.
The arrow pierces through the yellow draconian annihilator!!!
Lightning courses through the yellow draconian annihilator!
You kill the yellow draconian annihilator!
Okawaru accepts your kill.
The Executioner completely misses you. x3
The orb of fire emits a lurid red light.
Strange energies course through your body.
You occasionally lose the ability to drink potions when taking damage.
The Orb Guardian hits you!!
You die...

......#...###.....#~.....(..##.##
...####.###.##.....~........##^..
........##...##....~~~.~.....#...
...###..+.....'......~.~##.......
.....#####...##...##.~~~###)....#
....## ##.##....####### #....##
##### ########.###### ######
#.....X.)....... ##....L@*......#
#....1*y*.....# ##.*dXX**....##
#.LqD.......# #*..........#
#.1........... #.............
..............


You could see 7 orbs of fire, 2 dread liches, an Ice Fiend (summoned), a purple
draconian, a purple draconian shifter, a quicksilver dragon, 3 Orb Guardians, an
Executioner (summoned, fast, blind) and a moth of wrath (blind).

Vanquished Creatures
  2 dread liches
  An ancient lich (Vaults:5)
  An orb of fire (Zot:2)
  A Killer Klown (Zot:4)
  Bai Suzhen (Spider:3)
  13 golden dragons
  An electric golem (Zot:2)
  10 Orb Guardians (Zot:5)
  A Hell Sentinel (Zot:4)
  12 tentacled monstrosities
  10 titans
  A lich (Depths:2)
  13 quicksilver dragons
  5 tengu reavers
  4 sphinxes
  10 death cobs
  Roxanne (D:15)
  Kirke (D:14)
  17 storm dragons
  12 shadow dragons
  Ilsuiw (Shoals:3)
  2 iron dragons
  13 fire giants
  3 draconian knights
  10 frost giants
  2 draconian monks
  2 emperor scorpions
  17 vault wardens
  3 draconian scorchers
  5 draconian stormcallers
  4 draconian shifters
  2 orc warlords
  5 draconian annihilators
  Aizul (Spider:1)
  9 ghost moths
  4 spectral caustic shrikes (Depths:2)
  A spriggan defender (Depths:4)
  16 ironbound preservers
  A broodmother (Spider:1)
  A war gargoyle (Vaults:5)
  2 formless jellyfish
  11 very ugly things
  6 ironbound thunderhulks
  2 vampire knights
  Nessos (Lair:3)
  Azrael (D:15)
  A deep elf demonologist (Vaults:5)
  15 stone giants
  6 black draconians
  11 green draconians
  A deep elf annihilator (Vaults:5)
  11 red draconians
  10 white draconians
  15 dire elephants
  10 yellow draconians
  5 spark wasps
  6 purple draconians
  Snorg (Lair:4)
  5 merfolk javelineers
  An iron golem (Depths:1)
  A deep elf death mage (Vaults:5)
  5 entropy weavers
  10 ettins
  4 great orbs of eyes
  2 rakshasas
  11 yaktaur captains
  7 fire dragons
  5 deep elf high priests (Vaults:5)
  6 merfolk impalers
  A hydra (D:13)
  40 vault guards
  6 ice dragons
  4 spriggan air magi
  2 radroaches (Spider:3)
  3 ogre magi
  7 catoblepae
  5 ironbound frosthearts
  An alligator snapping turtle (Shoals:4)
  4 boulder beetles
  3 centaur warriors
  5 merfolk avatars
  7 two-headed ogres
  3 merfolk aquamancers
  A two-headed ogre (shapeshifter) (Vaults:3)
  6 deep troll shamans
  8 death yaks
  2 tengu warriors (D:15)
  15 demonic crawlers
  8 deep troll earth magi
  Urug (D:11)
  3 spriggan berserkers (Depths:2)
  7 skysharks
  9 hell knights
  10 iron trolls
  A fire crab (shapeshifter) (Vaults:3)
  3 glowing orange brains
  A sun moth (Spider:1)
  2 shadow wraiths
  5 pharaoh ants
  10 skeletal warriors (D:15)
  57 deep trolls
  An orb spider (shapeshifter) (Vaults:3)
  9 sea snakes
  18 ironbound convokers
  5 orb spiders
  2 steelbarb worms (Spider:3)
  5 phantasmal warriors
  8 lindwurms
  11 wizards
  An oklob plant (Lair:5)
  9 orc knights
  4 necromancers
  An orc sorcerer (D:13)
  7 deep elf pyromancers
  17 harpies
  34 ugly things
  22 wolf spiders
  A human zombie (Vaults:1)
  5 fauns
  11 cyclopes
  13 manticores
  23 moths of wrath
  19 vault sentinels
  An eye of devastation (shapeshifter) (Vaults:3)
  6 elephants
  9 black mambas
  12 merfolk sirens
  A water nymph (shapeshifter) (Vaults:3)
  8 torpor snails
  3 water nymphs
  3 gargoyles
  15 cane toads
  A freezing wraith (Vaults:5)
  3 rime drakes
  A kobold demonologist (D:11)
  5 efreet
  2 tengu conjurers (Depths:2)
  21 yaktaurs
  9 komodo dragons
  15 merfolk
  14 trolls
  A polar bear (Lair:4)
  A raiju (shapeshifter) (Vaults:5)
  6 wind drakes
  3 hornets
  24 tarantellas
  An elf zombie (Vaults:1)
  A dream sheep (shapeshifter) (Vaults:3)
  11 snapping turtles
  14 blink frogs
  20 slime creatures
  22 jumping spiders
  A shadow (D:12)
  2 spriggans (Depths:4)
  18 culicivoras
  A spriggan (shapeshifter) (D:14)
  16 water elementals
  A centaur simulacrum (D:14)
  5 humans
  4 wyverns
  3 basilisks
  53 yaks
  A wraith (D:12)
  4 fire elementals (D:15)
  47 redbacks
  A human (shapeshifter) (D:13)
  2 steam dragons
  11 vampire mosquitoes
  A glowing shapeshifter zombie (Vaults:1)
  8 wargs
  2 acid dragons
  3 hell hounds (D:15)
  A floating eye (shapeshifter) (Vaults:3)
  Duvessa (D:6)
  22 water moccasins
  A floating eye (Depths:2)
  A glowing shapeshifter skeleton (Vaults:1)
  A sky beast (D:7)
  36 orc warriors
  3 ice beasts
  5 black bears
  3 boggarts (D:15)
  A tengu (D:8)
  8 ogres
  30 wolves
  15 centaurs
  A phantom (D:5)
  2 kobold brigands
  19 bullfrogs
  A gnoll sergeant (D:10)
  3 scorpions
  Dowan (D:6)
  25 killer bees
  A howler monkey (D:6)
  7 electric eels
  5 hounds
  A gnoll bouda (D:5)
  15 orc priests
  8 iguanas
  16 orc wizards
  11 hell rats
  7 adders
  14 gnolls
  3 ufetubi
  5 worms
  2 dart slugs (D:2)
  100 orcs
  6 bats
  8 endoplasms
  2 giant cockroaches
  12 goblins
  2 hobgoblins
  4 jackals (D:3)
  6 quokkas
  9 ball pythons
  4 frilled lizards
  16 kobolds
  6 rats
  A spectral orc (D:5)
1725 creatures vanquished.

Vanquished Creatures (others)
  A draconian stormcaller (Zot:1)
  A yellow draconian (Zot:1)
  A centaur warrior (D:15)
  A yak (D:10)
  An orc warrior (Vaults:5)
  A boggart (D:15)
6 creatures vanquished.

Grand Total: 1731 creatures vanquished

Notes
Turn   | Place    | Note
-------+----------+-------------------------------------------
     0 | D:1      | qw the Naga Hunter began the quest for the Orb.
     0 | D:1      | Reached XP level 1. HP: 19/19 MP: 1/1
     0 | D:1      | 0 ||| qw: Version: 0.3-a-7-ge0c9b40
     0 | D:1      | 0 ||| qw: Game counter: 790
     0 | D:1      | 0 ||| qw: Always use a shield: true
     0 | D:1      | 0 ||| qw: God list: Okawaru
     0 | D:1      | 0 ||| qw: Allow faded altars: false
     0 | D:1      | 0 ||| qw: Do Orc after D:15 true
     0 | D:1      | 0 ||| qw: Do second Lair branch before Depths: true
     0 | D:1      | 0 ||| qw: Lair rune preference: random
     0 | D:1      | 0 ||| qw: Plans: Normal
     0 | D:1      | 0 ||| PLANNING D:1-11
    24 | D:1      | 24 ||| INVOKING Spit Poison.
    25 | D:1      | 25 ||| INVOKING Spit Poison.
    29 | D:1      | 29 ||| INVOKING Spit Poison.
    36 | D:1      | 36 ||| INVOKING Spit Poison.
    77 | D:1      | 77 ||| INVOKING Spit Poison.
   102 | D:1      | Found Foar's Magic Scroll Shoppe.
   110 | D:1      | 110 ||| SHOPLISTING 3 scrolls of identify (84 gold, have
                  | 10).
   110 | D:1      | 110 ||| SHOPLISTING scroll of enchant armour (105 gold,
                  | have 10).
   110 | D:1      | 110 ||| SHOPLISTING scroll of enchant weapon (105 gold,
                  | have 10).
   110 | D:1      | 110 ||| SHOPLISTING scroll of identify (28 gold, have 10).
   119 | D:1      | 119 ||| INVOKING Spit Poison.
   122 | D:1      | Reached XP level 2. HP: 22/26 MP: 2/2
   207 | D:1      | 207 ||| INVOKING Spit Poison.
   233 | D:1      | 233 ||| INVOKING Spit Poison.
   296 | D:1      | 296 ||| INVOKING Spit Poison.
   493 | D:1      | 493 ||| INVOKING Spit Poison.
   634 | D:1      | 634 ||| UPGRADING to +5 ring of evasion.
   635 | D:1      | 635 ||| READING scroll labelled UCSOMA VOUDAM.
   636 | D:1      | 636 ||| READING 3 scrolls labelled TUSESO FAHIM.
   637 | D:1      | 637 ||| READING 2 scrolls of enchant weapon.
   637 | D:1      | 637 ||| ENCHANTING +1 shortbow.
   638 | D:1      | 638 ||| READING scroll of enchant weapon.
   638 | D:1      | 638 ||| ENCHANTING +2 shortbow.
   639 | D:1      | 639 ||| READING scroll labelled XASAUNEJEEFU.
   639 | D:1      | Identified a scroll of acquirement
   639 | D:1      | 639 ||| ACQUIRING +1 robe of Shielding {rElec Regen+ Int+2}
   639 | D:1      | Acquired the +1 robe of Shielding {rElec Regen+ Int+2}
   641 | D:1      | 641 ||| UPGRADING to +1 robe of Shielding {rElec Regen+
                  | Int+2}.
   651 | D:1      | 651 ||| DROPPING +0 leather armour.
   652 | D:1      | 652 ||| READING scroll labelled PUG ZUISAZYNOE.
   653 | D:1      | 653 ||| DRINKING 2 grey potions.
   654 | D:1      | 654 ||| DRINKING 2 lumpy dark potions.
   663 | D:1      | 663 ||| DROPPING scroll of butterflies.
   664 | D:1      | 664 ||| DROPPING potion of brilliance.
   665 | D:1      | 665 ||| DROPPING potion of ambrosia.
   758 | D:2      | 758 ||| INVOKING Spit Poison.
   778 | D:2      | 778 ||| INVOKING Spit Poison.
   802 | D:2      | 802 ||| INVOKING Spit Poison.
   811 | D:2      | 811 ||| INVOKING Spit Poison.
   837 | D:2      | 837 ||| INVOKING Spit Poison.
   838 | D:2      | Reached XP level 3. HP: 32/32 MP: 3/3
   901 | D:2      | 901 ||| INVOKING Spit Poison.
   904 | D:2      | 904 ||| INVOKING Spit Poison.
   916 | D:2      | 916 ||| INVOKING Spit Poison.
   924 | D:2      | 924 ||| INVOKING Spit Poison.
   947 | D:2      | 947 ||| INVOKING Spit Poison.
  1141 | D:2      | 1141 ||| INVOKING Spit Poison.
  1225 | D:2      | 1225 ||| READING scroll labelled ASYTSU BOOGU.
  1226 | D:2      | 1226 ||| READING scroll labelled HOGI QACAT.
  1309 | D:3      | 1309 ||| INVOKING Spit Poison.
  1313 | D:3      | Noticed a scorpion
  1323 | D:3      | 1323 ||| INVOKING Spit Poison.
  1330 | D:3      | 1330 ||| INVOKING Spit Poison.
  1331 | D:3      | Reached XP level 4. HP: 39/39 MP: 4/4
  1390 | D:3      | 1390 ||| INVOKING Spit Poison.
  1452 | D:3      | 1452 ||| INVOKING Spit Poison.
  1645 | D:3      | 1645 ||| READING scroll of enchant weapon.
  1645 | D:3      | 1645 ||| ENCHANTING +3 shortbow.
  1793 | D:3      | 1793 ||| INVOKING Spit Poison.
  1802 | D:3      | 1802 ||| INVOKING Spit Poison.
  1840 | D:3      | 1840 ||| INVOKING Spit Poison.
  1844 | D:3      | 1844 ||| INVOKING Spit Poison.
  2377 | D:3      | 2377 ||| UPGRADING to +1 hat.
  2382 | D:3      | 2382 ||| UPGRADING to +4 ring of slaying {mikee}.
  2383 | D:3      | 2383 ||| READING scroll labelled DESATIECH.
  2426 | D:4      | 2426 ||| INVOKING Spit Poison.
  2431 | D:4      | 2431 ||| INVOKING Spit Poison.
  2434 | D:4      | Reached skill level 3 in Fighting
  2434 | D:4      | 2434 ||| INVOKING Spit Poison.
  2464 | D:4      | 2464 ||| INVOKING Spit Poison.
  2465 | D:4      | 2465 ||| INVOKING Spit Poison.
  2471 | D:4      | 2471 ||| INVOKING Spit Poison.
  2472 | D:4      | Reached XP level 5. HP: 49/49 MP: 5/5
  2476 | D:4      | Noticed a black bear
  2478 | D:4      | 2478 ||| INVOKING Spit Poison.
  2481 | D:4      | 2481 ||| INVOKING Spit Poison.
  2483 | D:4      | Killed a black bear
  2484 | D:4      | 2484 ||| INVOKING Spit Poison.
  2489 | D:4      | Reached skill level 6 in Ranged Weapons
  2489 | D:4      | Reached XP level 6. HP: 56/56 MP: 6/6
  2494 | D:4      | 2494 ||| INVOKING Spit Poison.
  2552 | D:4      | 2552 ||| INVOKING Spit Poison.
  2557 | D:4      | 2557 ||| INVOKING Spit Poison.
  2624 | D:4      | Found a glowing silver altar of Zin.
  2628 | D:4      | 2628 ||| INVOKING Spit Poison.
  2710 | D:4      | Found a snail-covered altar of Cheibriados.
  2712 | D:4      | 2712 ||| INVOKING Spit Poison.
  2810 | D:4      | 2810 ||| UPGRADING to +0 pair of gloves.
  2815 | D:4      | 2815 ||| READING scroll labelled GYNOF BOZANN.
  2822 | D:5      | Entered Level 5 of the Dungeon
  2823 | D:5      | 2823 ||| INVOKING Spit Poison.
  2826 | D:5      | 2826 ||| INVOKING Spit Poison.
  2830 | D:5      | 2830 ||| INVOKING Spit Poison.
  2832 | D:5      | 2832 ||| STAIRDANCE
  2836 | D:4      | 2836 ||| INVOKING Spit Poison.
  2853 | D:5      | 2853 ||| INVOKING Spit Poison.
  2854 | D:5      | Reached skill level 4 in Fighting
  2868 | D:5      | 2868 ||| INVOKING Spit Poison.
  2873 | D:5      | 2873 ||| INVOKING Spit Poison.
  2876 | D:5      | 2876 ||| INVOKING Spit Poison.
  2878 | D:5      | Reached XP level 7. HP: 64/64 MP: 7/7
  2880 | D:5      | 2880 ||| INVOKING Spit Poison.
  2981 | D:5      | 2981 ||| INVOKING Spit Poison.
  3000 | D:5      | 3000 ||| INVOKING Spit Poison.
  3001 | D:5      | 3001 ||| INVOKING Spit Poison.
  3006 | D:5      | 3006 ||| INVOKING Spit Poison.
  3009 | D:5      | 3009 ||| INVOKING Spit Poison.
  3012 | D:5      | 3012 ||| INVOKING Spit Poison.
  3015 | D:5      | 3015 ||| INVOKING Spit Poison.
  3020 | D:5      | 3020 ||| INVOKING Spit Poison.
  3026 | D:5      | 3026 ||| INVOKING Spit Poison.
  3032 | D:5      | 3032 ||| INVOKING Spit Poison.
  3076 | D:5      | 3076 ||| INVOKING Spit Poison.
  3124 | D:5      | 3124 ||| INVOKING Spit Poison.
  3131 | D:5      | 3131 ||| INVOKING Spit Poison.
  3135 | D:5      | Reached XP level 8. HP: 56/72 MP: 8/8
  3135 | D:5      | 3135 ||| INVOKING Spit Poison.
  3191 | D:5      | Found an iron altar of Okawaru.
  3192 | D:5      | 3192 ||| PLANNING OKAWARU WORSHIP
  3192 | D:5      | 3192 ||| READING 3 scrolls labelled BOSIFFUILU.
  3197 | D:5      | 3197 ||| DRINKING 3 clear potions.
  3198 | D:5      | 3198 ||| DROPPING 2 potions of invisibility.
  3222 | D:5      | 3222 ||| INVOKING Spit Poison.
  3226 | D:5      | Became a worshipper of Warmaster Okawaru
  3227 | D:5      | 3227 ||| PLANNING D:1-11
  3285 | D:5      | 3285 ||| Stepping ~*~*~tactically~*~*~ (outnumbered).
  3287 | D:5      | 3287 ||| Stepping ~*~*~tactically~*~*~ (outnumbered).
  3289 | D:5      | 3289 ||| Stepping ~*~*~tactically~*~*~ (outnumbered).
  3291 | D:5      | 3291 ||| Stepping ~*~*~tactically~*~*~ (outnumbered).
  3293 | D:5      | 3293 ||| Stepping ~*~*~tactically~*~*~ (outnumbered).
  3294 | D:5      | 3294 ||| INVOKING Spit Poison.
  3329 | D:5      | 3329 ||| INVOKING Spit Poison.
  3330 | D:5      | Reached skill level 5 in Fighting
  3468 | D:5      | Found a basalt altar of Yredelemnul.
  3491 | D:5      | 3491 ||| READING scroll labelled CADABYVVIADUIDGH.
  3492 | D:5      | 3492 ||| READING 2 scrolls of identify.
  3492 | D:5      | 3492 ||| IDENTIFYING bubbling inky potion
  3493 | D:5      | 3493 ||| DROPPING potion of lignification.
  3517 | D:6      | 3517 ||| INVOKING Spit Poison.
  3532 | D:6      | 3532 ||| INVOKING Spit Poison.
  3542 | D:6      | 3542 ||| INVOKING Spit Poison.
  3563 | D:6      | 3563 ||| Stepping ~*~*~tactically~*~*~ (outnumbered).
  3565 | D:6      | 3565 ||| Stepping ~*~*~tactically~*~*~ (outnumbered).
  3567 | D:6      | 3567 ||| Stepping ~*~*~tactically~*~*~ (outnumbered).
  3569 | D:6      | 3569 ||| Stepping ~*~*~tactically~*~*~ (outnumbered).
  3571 | D:6      | 3571 ||| Stepping ~*~*~tactically~*~*~ (outnumbered).
  3572 | D:6      | 3572 ||| INVOKING Spit Poison.
  3575 | D:6      | 3575 ||| INVOKING Spit Poison.
  3578 | D:6      | 3578 ||| INVOKING Spit Poison.
  3583 | D:6      | 3583 ||| INVOKING Spit Poison.
  3587 | D:6      | Reached * piety under Okawaru
  3589 | D:6      | 3589 ||| INVOKING Spit Poison.
  3592 | D:6      | Reached skill level 9 in Ranged Weapons
  3592 | D:6      | Reached skill level 1 in Invocations
  3594 | D:6      | 3594 ||| INVOKING Heroism.
  3597 | D:6      | 3597 ||| INVOKING Spit Poison.
  3641 | D:6      | Found a staircase to the Ecumenical Temple.
  3656 | D:6      | 3656 ||| INVOKING Spit Poison.
  3660 | D:6      | 3660 ||| INVOKING Heroism.
  3664 | D:6      | 3664 ||| INVOKING Spit Poison.
  3671 | D:6      | 3671 ||| INVOKING Spit Poison.
  3677 | D:6      | 3677 ||| INVOKING Spit Poison.
  3679 | D:6      | Reached skill level 3 in Dodging
  3763 | D:6      | 3763 ||| INVOKING Spit Poison.
  3846 | D:6      | 3846 ||| INVOKING Heroism.
  3849 | D:6      | Reached skill level 3 in Invocations
  3849 | D:6      | 3849 ||| INVOKING Spit Poison.
  3858 | D:6      | Reached XP level 9. HP: 81/81 MP: 9/11
  3858 | D:6      | 3858 ||| INVOKING Spit Poison.
  3931 | D:6      | Noticed Dowan
  3932 | D:6      | 3932 ||| INVOKING Heroism.
  3933 | D:6      | 3933 ||| INVOKING Spit Poison.
  3934 | D:6      | Noticed Duvessa
  3935 | D:6      | 3935 ||| Stepping ~*~*~tactically~*~*~ (outnumbered).
  3936 | D:6      | 3936 ||| Stepping ~*~*~tactically~*~*~ (outnumbered).
  3940 | D:6      | Killed Duvessa
  3942 | D:6      | 3942 ||| INVOKING Spit Poison.
  3943 | D:6      | Killed Dowan
  4459 | D:6      | 4459 ||| DRINKING 3 purple potions.
  4460 | D:6      | 4460 ||| DRINKING 2 bubbling purple potions.
  4461 | D:6      | 4461 ||| READING 3 scrolls of identify.
  4461 | D:6      | 4461 ||| IDENTIFYING inky potion
  4462 | D:6      | 4462 ||| READING 2 scrolls of identify.
  4462 | D:6      | 4462 ||| IDENTIFYING fuming cyan potion
  4463 | D:6      | 4463 ||| DROPPING potion of berserk rage.
  4464 | D:6      | 4464 ||| DROPPING potion of degeneration.
  4521 | D:7      | 4521 ||| INVOKING Spit Poison.
  4525 | D:7      | 4525 ||| INVOKING Spit Poison.
  4528 | D:7      | 4528 ||| INVOKING Spit Poison.
  4529 | D:7      | Reached skill level 6 in Fighting
  4535 | D:7      | 4535 ||| INVOKING Spit Poison.
  4552 | D:7      | 4552 ||| INVOKING Spit Poison.
  4605 | D:7      | 4605 ||| INVOKING Spit Poison.
  4622 | D:7      | 4622 ||| INVOKING Spit Poison.
  4627 | D:7      | 4627 ||| INVOKING Heroism.
  4706 | D:7      | 4706 ||| INVOKING Spit Poison.
  4767 | D:7      | Found a flagged portal.
  4916 | D:7      | Found a shimmering blue altar of Sif Muna.
  4989 | D:7      | 4989 ||| READING 2 scrolls of identify.
  4989 | D:7      | 4989 ||| IDENTIFYING fuming red potion
  4990 | D:7      | 4990 ||| DROPPING potion of attraction.
  5036 | D:8      | 5036 ||| READING scroll of enchant armour.
  5036 | D:8      | 5036 ||| ENCHANTING +0 pair of gloves.
  5040 | D:8      | 5040 ||| INVOKING Heroism.
  5044 | D:8      | 5044 ||| INVOKING Spit Poison.
  5054 | D:8      | 5054 ||| INVOKING Spit Poison.
  5062 | D:8      | 5062 ||| INVOKING Spit Poison.
  5066 | D:8      | Reached ** piety under Okawaru
  5069 | D:8      | 5069 ||| INVOKING Heroism.
  5073 | D:8      | 5073 ||| INVOKING Spit Poison.
  5114 | D:8      | 5114 ||| INVOKING Heroism.
  5136 | D:8      | 5136 ||| INVOKING Heroism.
  5139 | D:8      | 5139 ||| INVOKING Spit Poison.
  5147 | D:8      | 5147 ||| INVOKING Spit Poison.
  5156 | D:8      | 5156 ||| INVOKING Spit Poison.
  5158 | D:8      | Reached skill level 7 in Fighting
  5160 | D:8      | 5160 ||| INVOKING Spit Poison.
  5162 | D:8      | Reached XP level 10. HP: 94/94 MP: 13/13
  5163 | D:8      | 5163 ||| INVOKING Spit Poison.
  5169 | D:8      | 5169 ||| INVOKING Spit Poison.
  5176 | D:8      | 5176 ||| INVOKING Spit Poison.
  5310 | D:8      | 5310 ||| INVOKING Spit Poison.
  5316 | D:8      | 5316 ||| INVOKING Spit Poison.
  5321 | D:8      | 5321 ||| INVOKING Spit Poison.
  5339 | D:8      | Found a sacrificial altar of Ru.
  5432 | D:8      | Noticed a vault sentinel
  5432 | D:8      | Noticed a vault sentinel
  5438 | D:8      | 5438 ||| INVOKING Spit Poison.
  5442 | D:8      | 5442 ||| INVOKING Spit Poison.
  5443 | D:8      | Killed a vault sentinel
  5450 | D:8      | Killed a vault sentinel
  5451 | D:8      | Reached skill level 1 in Armour
  5477 | D:8      | Noticed a two-headed ogre
  5478 | D:8      | 5478 ||| INVOKING Heroism.
  5479 | D:8      | 5479 ||| INVOKING Spit Poison.
  5480 | D:8      | 5480 ||| INVOKING Spit Poison.
  5485 | D:8      | Killed a two-headed ogre
  5485 | D:8      | Reached *** piety under Okawaru
  5699 | D:8      | Found the +18 shield of the Gong {Loud rN+ Will+ rCorr
                  | EV-5}
  5726 | D:8      | Found a hazy altar of Hepliaklqana.
  5879 | D:8      | 5879 ||| DRINKING 3 pink potions.
  5886 | D:9      | 5886 ||| INVOKING Spit Poison.
  5894 | D:9      | 5894 ||| INVOKING Spit Poison.
  5898 | D:9      | Reached skill level 8 in Fighting
  5898 | D:9      | 5898 ||| INVOKING Spit Poison.
  5903 | D:9      | 5903 ||| INVOKING Spit Poison.
  5912 | D:9      | 5912 ||| INVOKING Spit Poison.
  5916 | D:9      | 5916 ||| INVOKING Heroism.
  5918 | D:9      | 5918 ||| INVOKING Spit Poison.
  5947 | D:9      | Found a stormy altar of Qazlal.
  5965 | D:9      | 5965 ||| INVOKING Spit Poison.
  5972 | D:9      | 5972 ||| INVOKING Spit Poison.
  5986 | D:9      | 5986 ||| INVOKING Spit Poison.
  5994 | D:9      | 5994 ||| INVOKING Spit Poison.
  5998 | D:9      | 5998 ||| INVOKING Heroism.
  6001 | D:9      | 6001 ||| INVOKING Spit Poison.
  6011 | D:9      | 6011 ||| INVOKING Spit Poison.
  6076 | D:9      | Found a white marble altar of Elyvilon.
  6153 | D:9      | 6153 ||| INVOKING Heroism.
  6155 | D:9      | 6155 ||| INVOKING Spit Poison.
  6240 | D:9      | 6240 ||| INVOKING Heroism.
  6241 | D:9      | 6241 ||| INVOKING Spit Poison.
  6334 | D:9      | Found a staircase to the Orcish Mines.
  6383 | D:9      | 6383 ||| INVOKING Spit Poison.
  6391 | D:9      | 6391 ||| INVOKING Spit Poison.
  6405 | D:9      | 6405 ||| INVOKING Spit Poison.
  6411 | D:9      | Reached skill level 12 in Ranged Weapons
  6446 | D:9      | 6446 ||| INVOKING Spit Poison.
  6454 | D:9      | 6454 ||| INVOKING Spit Poison.
  6508 | D:9      | 6508 ||| INVOKING Spit Poison.
  6510 | D:9      | Reached XP level 11. HP: 103/103 MP: 14/14
  6514 | D:9      | 6514 ||| INVOKING Spit Poison.
  6523 | D:9      | 6523 ||| INVOKING Spit Poison.
  6528 | D:9      | 6528 ||| INVOKING Spit Poison.
  6596 | D:9      | 6596 ||| DROPPING ring of ice.
  6597 | D:9      | 6597 ||| READING scroll labelled YWIFAGAODO.
  6640 | D:9      | 6640 ||| READING scroll labelled HAEZUVV OWNURI.
  6641 | D:9      | 6641 ||| READING 3 scrolls of identify.
  6641 | D:9      | 6641 ||| IDENTIFYING fizzy ruby potion
  6642 | D:9      | 6642 ||| READING 2 scrolls of identify.
  6642 | D:9      | 6642 ||| IDENTIFYING glowing brown potion
  6663 | D:10     | Entered Level 10 of the Dungeon
  6668 | D:10     | Found a shimmering altar of Xom.
  6713 | D:10     | Reached **** piety under Okawaru
  6760 | D:10     | 6760 ||| INVOKING Spit Poison.
  6768 | D:10     | 6768 ||| INVOKING Spit Poison.
  6772 | D:10     | 6772 ||| INVOKING Spit Poison.
  6781 | D:10     | 6781 ||| INVOKING Spit Poison.
  6785 | D:10     | 6785 ||| INVOKING Spit Poison.
  6795 | D:10     | 6795 ||| INVOKING Heroism.
  6796 | D:10     | 6796 ||| INVOKING Spit Poison.
  6802 | D:10     | 6802 ||| INVOKING Spit Poison.
  6885 | D:10     | 6885 ||| INVOKING Spit Poison.
  6886 | D:10     | 6886 ||| INVOKING Heroism.
  6895 | D:10     | 6895 ||| INVOKING Spit Poison.
  6911 | D:10     | 6911 ||| INVOKING Spit Poison.
  6920 | D:10     | 6920 ||| INVOKING Spit Poison.
  6922 | D:10     | Reached skill level 6 in Invocations
  6924 | D:10     | 6924 ||| INVOKING Spit Poison.
  6929 | D:10     | 6929 ||| INVOKING Spit Poison.
  6985 | D:10     | 6985 ||| INVOKING Spit Poison.
  6991 | D:10     | Reached ***** piety under Okawaru
  6995 | D:10     | 6995 ||| INVOKING Spit Poison.
  7187 | D:10     | 7187 ||| READING scroll labelled FIWACU SOSME.
  7322 | D:11     | 7322 ||| INVOKING Spit Poison.
  7476 | D:11     | 7476 ||| INVOKING Spit Poison.
  7480 | D:11     | 7480 ||| INVOKING Spit Poison.
  7485 | D:11     | 7485 ||| INVOKING Spit Poison.
  7493 | D:11     | 7493 ||| INVOKING Spit Poison.
  7517 | D:11     | 7517 ||| INVOKING Spit Poison.
  7525 | D:11     | 7525 ||| INVOKING Spit Poison.
  7528 | D:11     | Noticed Urug
  7528 | D:11     | 7528 ||| INVOKING Heroism.
  7529 | D:11     | 7529 ||| INVOKING Finesse.
  7530 | D:11     | 7530 ||| INVOKING Spit Poison.
  7531 | D:11     | 7531 ||| Stepping ~*~*~tactically~*~*~ (outnumbered).
  7537 | D:11     | Reached skill level 9 in Fighting
  7542 | D:11     | 7542 ||| INVOKING Spit Poison.
  7560 | D:11     | 7560 ||| INVOKING Spit Poison.
  7565 | D:11     | Killed Urug
  7566 | D:11     | Reached XP level 12. HP: 31/111 MP: 11/18
  7569 | D:11     | 7569 ||| INVOKING Heroism.
  7645 | D:11     | Found a staircase to the Lair.
  7705 | D:11     | Noticed a two-headed ogre
  7721 | D:11     | Killed a two-headed ogre
  7721 | D:11     | Identified the +6 shortbow "Grim" {speed, rF+ rC+ Str-2}
                  | (Okawaru gifted it to you on level 11 of the Dungeon)
  7721 | D:11     | Received a gift from Okawaru
  7723 | D:11     | 7723 ||| SWAPPING to +6 shortbow "Grim" {speed, rF+ rC+
                  | Str-2}.
  7724 | D:11     | 7724 ||| DROPPING +4 shortbow of chaos.
  7878 | D:11     | 7878 ||| PLANNING LAIR
  7878 | D:11     | 7878 ||| DROPPING ring of wizardry.
  7879 | D:11     | 7879 ||| READING 2 scrolls of identify.
  7879 | D:11     | 7879 ||| IDENTIFYING puce potion
  7896 | Lair:1   | Entered Level 1 of the Lair of Beasts
  7898 | Lair:1   | 7898 ||| INVOKING Heroism.
  7933 | Lair:1   | Reached skill level 9 in Invocations
  8047 | Lair:1   | 8047 ||| INVOKING Heroism.
  8255 | Lair:1   | Noticed a boulder beetle
  8259 | Lair:1   | 8259 ||| INVOKING Heroism.
  8260 | Lair:1   | 8260 ||| INVOKING Finesse.
  8278 | Lair:1   | Killed a boulder beetle
  8316 | Lair:1   | Noticed a catoblepas
  8317 | Lair:1   | 8317 ||| INVOKING Heroism.
  8326 | Lair:1   | 8326 ||| Stepping ~*~*~tactically~*~*~ (cloud).
  8332 | Lair:1   | Killed a catoblepas
  8672 | Lair:2   | 8672 ||| PLANNING GAUNTLET
  8802 | Lair:2   | Reached skill level 6 in Dodging
  8964 | Lair:2   | 8964 ||| INVOKING Heroism.
  9023 | Lair:2   | 9023 ||| RIP GAUNTLET
  9028 | Lair:2   | 9028 ||| PLANNING LAIR
  9158 | Lair:2   | Reached skill level 10 in Fighting
  9296 | Lair:2   | Found a staircase to the Shoals.
  9400 | Lair:2   | 9400 ||| READING scroll labelled OGUHIKHA DONO.
  9401 | Lair:2   | 9401 ||| READING 2 scrolls of identify.
  9401 | Lair:2   | 9401 ||| IDENTIFYING fuming clear potion
  9409 | Lair:3   | Noticed a boulder beetle
  9410 | Lair:3   | 9410 ||| INVOKING Heroism.
  9411 | Lair:3   | 9411 ||| INVOKING Finesse.
  9424 | Lair:3   | Killed a boulder beetle
  9425 | Lair:3   | Gained mutation: You can use your snake-like lower body to
                  | constrict enemies. [Naga growth]
  9425 | Lair:3   | Reached XP level 13. HP: 124/124 MP: 12/20
  9534 | Lair:3   | 9534 ||| INVOKING Heroism.
  9556 | Lair:3   | Reached skill level 11 in Fighting
  9603 | Lair:3   | 9603 ||| INVOKING Finesse.
  9606 | Lair:3   | 9606 ||| READING scroll labelled FODIPU QAIH.
  9609 | Lair:3   | 9609 ||| INVOKING Heroism.
  9713 | Lair:3   | Noticed Nessos
  9714 | Lair:3   | 9714 ||| INVOKING Finesse.
  9725 | Lair:3   | Killed Nessos
  9762 | Lair:3   | 9762 ||| SWAPPING to +2 longbow of flaming.
  9763 | Lair:3   | 9763 ||| DROPPING +6 shortbow "Grim" {speed, rF+ rC+
                  | Str-2}.
  9764 | Lair:3   | 9764 ||| READING scroll of enchant weapon.
  9764 | Lair:3   | 9764 ||| ENCHANTING +2 longbow of flaming.
  9766 | Lair:3   | Identified the +0 buckler "Legay" {Int+2}
  9847 | Lair:3   | 9847 ||| INVOKING Heroism.
 10190 | Lair:3   | Found a hole to the Spider Nest.
 10301 | Lair:3   | 10301 ||| UPGRADING to +0 barding of stealth.
 10306 | Lair:3   | 10306 ||| READING 2 scrolls of identify.
 10306 | Lair:3   | 10306 ||| IDENTIFYING brown potion
 10332 | Lair:4   | 10332 ||| INVOKING Heroism.
 10362 | Lair:4   | 10362 ||| INVOKING Finesse.
 10364 | Lair:4   | 10364 ||| Stepping ~*~*~tactically~*~*~ (cloud).
 10368 | Lair:4   | Reached skill level 3 in Armour
 10369 | Lair:4   | Received a gift from Okawaru
 10490 | Lair:4   | Found a staircase to the Slime Pits.
 10491 | Lair:4   | 10491 ||| INVOKING Heroism.
 10494 | Lair:4   | Reached skill level 15 in Ranged Weapons
 10506 | Lair:4   | Found a viscous altar of Jiyva.
 10556 | Lair:4   | 10556 ||| INVOKING Heroism.
 10600 | Lair:4   | 10600 ||| Stepping ~*~*~tactically~*~*~ (outnumbered).
 10617 | Lair:4   | 10617 ||| INVOKING Finesse.
 10623 | Lair:4   | 10623 ||| INVOKING Heroism.
 10683 | Lair:4   | Reached XP level 14. HP: 106/135 MP: 21/21
 10721 | Lair:4   | Identified the +4 plate armour of Hodig {Regen+ Slay+4 SInv
                  | Stlth-}
 11013 | Lair:4   | Noticed Snorg
 11015 | Lair:4   | 11015 ||| INVOKING Heroism.
 11016 | Lair:4   | 11016 ||| INVOKING Finesse.
 11022 | Lair:4   | Killed Snorg
 11229 | Lair:4   | 11229 ||| UPGRADING to +0 cloak.
 11234 | Lair:4   | 11234 ||| READING scroll labelled ITZYIRICWUM.
 11255 | Lair:5   | Entered Level 5 of the Lair of Beasts
 11263 | Lair:5   | 11263 ||| STAIRDANCE
 11266 | Lair:4   | 11266 ||| INVOKING Heroism.
 11340 | Lair:5   | 11340 ||| STAIRDANCE
 11373 | Lair:5   | 11373 ||| INVOKING Heroism.
 11374 | Lair:5   | 11374 ||| INVOKING Finesse.
 11620 | Lair:5   | 11620 ||| INVOKING Heroism.
 11621 | Lair:5   | 11621 ||| INVOKING Finesse.
 11627 | Lair:5   | 11627 ||| Stepping ~*~*~tactically~*~*~ (cloud).
 11628 | Lair:5   | 11628 ||| Stepping ~*~*~tactically~*~*~ (cloud).
 11922 | Lair:5   | 11922 ||| INVOKING Heroism.
 11923 | Lair:5   | 11923 ||| INVOKING Finesse.
 11924 | Lair:5   | 11924 ||| INVOKING Finesse.
 11979 | Lair:5   | 11979 ||| INVOKING Heroism.
 11981 | Lair:5   | 11981 ||| INVOKING Finesse.
 12051 | Lair:5   | 12051 ||| INVOKING Finesse.
 12147 | Lair:5   | 12147 ||| INVOKING Heroism.
 12148 | Lair:5   | 12148 ||| INVOKING Finesse.
 12249 | Lair:5   | 12249 ||| INVOKING Heroism.
 12260 | Lair:5   | 12260 ||| INVOKING Finesse.
 12261 | Lair:5   | Received a gift from Okawaru
 12513 | Lair:5   | 12513 ||| PLANNING D
 12513 | Lair:5   | 12513 ||| DRINKING 2 lumpy silvery potions.
 12794 | D:12     | 12794 ||| Stepping ~*~*~tactically~*~*~ (outnumbered).
 13323 | D:13     | 13323 ||| Stepping ~*~*~tactically~*~*~ (outnumbered).
 13325 | D:13     | 13325 ||| Stepping ~*~*~tactically~*~*~ (outnumbered).
 13350 | D:13     | Reached skill level 18 in Ranged Weapons
 13364 | D:13     | Noticed a frost giant
 13365 | D:13     | 13365 ||| INVOKING Heroism.
 13366 | D:13     | Noticed a fire giant
 13367 | D:13     | 13367 ||| INVOKING Finesse.
 13372 | D:13     | Killed a frost giant
 13374 | D:13     | 13374 ||| Stepping ~*~*~tactically~*~*~ (outnumbered).
 13389 | D:13     | Killed a fire giant
 13400 | D:13     | Reached XP level 15. HP: 88/144 MP: 17/22
 13470 | D:13     | 13470 ||| Stepping ~*~*~tactically~*~*~ (outnumbered).
 13510 | D:13     | 13510 ||| Stepping ~*~*~tactically~*~*~ (outnumbered).
 13685 | D:13     | Received a gift from Okawaru
 13767 | D:13     | 13767 ||| READING scroll of enchant weapon.
 13767 | D:13     | 13767 ||| ENCHANTING +3 longbow of flaming.
 13803 | D:13     | 13803 ||| FLEEEEING.
 13804 | D:13     | 13804 ||| FLEEEEING.
 13843 | D:13     | 13843 ||| INVOKING Heroism.
 13846 | D:13     | Reached skill level 12 in Fighting
 13882 | D:13     | Found a gate to the Vaults.
 13967 | D:13     | 13967 ||| FLEEEEING.
 13968 | D:13     | 13968 ||| FLEEEEING.
 13969 | D:13     | 13969 ||| STAIRDANCE
 14071 | D:12     | 14071 ||| UPGRADING to +1 barding of fire resistance.
 14081 | D:12     | 14081 ||| DROPPING +0 barding of stealth.
 14086 | D:13     | 14086 ||| STAIRDANCE
 14447 | D:14     | 14447 ||| INVOKING Heroism.
 14589 | D:14     | Found a transporter.
 14735 | D:14     | Noticed Kirke
 14736 | D:14     | 14736 ||| INVOKING Heroism.
 14743 | D:14     | Killed Kirke
 14753 | D:14     | 14753 ||| Stepping ~*~*~tactically~*~*~ (cloud).
 14754 | D:14     | 14754 ||| Stepping ~*~*~tactically~*~*~ (cloud).
 14760 | D:14     | 14760 ||| Stepping ~*~*~tactically~*~*~ (cloud).
 14764 | D:14     | 14764 ||| Stepping ~*~*~tactically~*~*~ (cloud).
 14765 | D:14     | 14765 ||| Stepping ~*~*~tactically~*~*~ (cloud).
 14836 | D:14     | Identified the +0 cloak of the Stag {Int+5 Dex+3}
 14849 | D:14     | 14849 ||| Stepping ~*~*~tactically~*~*~ (outnumbered).
 14976 | D:14     | Found a transporter.
 15019 | D:14     | Found a transporter.
 15237 | D:14     | 15237 ||| INVOKING Heroism.
 15375 | D:14     | Found a transporter.
 15376 | D:14     | 15376 ||| DROPPING scarf of shadows.
 15377 | D:14     | 15377 ||| UPGRADING to +0 cloak of the Stag {Int+5 Dex+3}.
 15387 | D:14     | 15387 ||| DROPPING +0 cloak.
 15388 | D:14     | 15388 ||| DROPPING ring of fire.
 15389 | D:14     | 15389 ||| UPGRADING to +6 ring of dexterity.
 15391 | D:14     | 15391 ||| UPGRADING to +5 ring of evasion.
 15393 | D:14     | 15393 ||| DROPPING +4 ring of slaying {mikee}.
 15435 | D:15     | Entered Level 15 of the Dungeon
 15455 | D:15     | Noticed Azrael
 15456 | D:15     | 15456 ||| INVOKING Heroism.
 15475 | D:15     | Killed Azrael
 15488 | D:15     | Reached skill level 9 in Dodging
 15495 | D:15     | 15495 ||| INVOKING Heroism.
 15512 | D:15     | 15512 ||| Stepping ~*~*~tactically~*~*~ (outnumbered).
 15596 | D:15     | Noticed Roxanne
 15597 | D:15     | 15597 ||| INVOKING Heroism.
 15615 | D:15     | Killed Roxanne
 15651 | D:15     | 15651 ||| INVOKING Heroism.
 15779 | D:15     | Reached XP level 16. HP: 152/152 MP: 23/23
 15898 | D:15     | Found a staircase to the Depths.
 15899 | D:15     | 15899 ||| Stepping ~*~*~tactically~*~*~ (outnumbered).
 15901 | D:15     | 15901 ||| INVOKING Heroism.
 15902 | D:15     | 15902 ||| INVOKING Finesse.
 15903 | D:15     | 15903 ||| Stepping ~*~*~tactically~*~*~ (outnumbered).
 15912 | D:15     | 15912 ||| Stepping ~*~*~tactically~*~*~ (outnumbered).
 15923 | D:15     | Received a gift from Okawaru
 16142 | D:15     | 16142 ||| INVOKING Heroism.
 16244 | D:15     | 16244 ||| INVOKING Heroism.
 16361 | D:15     | 16361 ||| PLANNING ORC
 16361 | D:15     | 16361 ||| UPGRADING to amulet of faith.
 16491 | Orc:1    | Entered Level 1 of the Orcish Mines
 16642 | Orc:1    | 16642 ||| INVOKING Heroism.
 16650 | Orc:1    | Reached skill level 13 in Fighting
 16889 | Orc:1    | Found Fubuin's Magic Scroll Shoppe.
 16909 | Orc:1    | 16909 ||| BUYING scroll of brand weapon (171 gold).
 16909 | Orc:1    | Bought a scroll of brand weapon for 171 gold pieces
 16909 | Orc:1    | 16909 ||| BUYING scroll of teleportation (54 gold).
 16909 | Orc:1    | Bought a scroll of teleportation for 54 gold pieces
 16909 | Orc:1    | 16909 ||| BUYING scroll of teleportation (54 gold).
 16909 | Orc:1    | Bought a scroll of teleportation for 54 gold pieces
 16909 | Orc:1    | 16909 ||| READING scroll of brand weapon.
 16909 | Orc:1    | 16909 ||| BRANDING +4 longbow of flaming.
 16969 | Orc:2    | Entered Level 2 of the Orcish Mines
 16969 | Orc:2    | Found a staircase to the Elven Halls.
 17229 | Orc:2    | 17229 ||| INVOKING Heroism.
 17322 | Orc:2    | Found Zeharchei's Magic Scroll Shop.
 17322 | Orc:2    | Found Edet's Distillery.
 17326 | Orc:2    | 17326 ||| Stepping ~*~*~tactically~*~*~ (outnumbered).
 17327 | Orc:2    | 17327 ||| Stepping ~*~*~tactically~*~*~ (outnumbered).
 17329 | Orc:2    | 17329 ||| Stepping ~*~*~tactically~*~*~ (outnumbered).
 17333 | Orc:2    | 17333 ||| INVOKING Heroism.
 17334 | Orc:2    | 17334 ||| Stepping ~*~*~tactically~*~*~ (outnumbered).
 17377 | Orc:2    | 17377 ||| BUYING scroll of brand weapon (114 gold).
 17377 | Orc:2    | Bought a scroll of brand weapon for 114 gold pieces
 17377 | Orc:2    | 17377 ||| BUYING scroll of brand weapon (114 gold).
 17377 | Orc:2    | Bought a scroll of brand weapon for 114 gold pieces
 17377 | Orc:2    | 17377 ||| BUYING scroll of enchant armour (90 gold).
 17377 | Orc:2    | Bought a scroll of enchant armour for 90 gold pieces
 17377 | Orc:2    | 17377 ||| BUYING scroll of teleportation (36 gold).
 17377 | Orc:2    | Bought a scroll of teleportation for 36 gold pieces
 17377 | Orc:2    | 17377 ||| BUYING scroll of teleportation (36 gold).
 17377 | Orc:2    | Bought a scroll of teleportation for 36 gold pieces
 17377 | Orc:2    | 17377 ||| BUYING scroll of teleportation (36 gold).
 17377 | Orc:2    | Bought a scroll of teleportation for 36 gold pieces
 17377 | Orc:2    | 17377 ||| READING 2 scrolls of brand weapon.
 17377 | Orc:2    | 17377 ||| BRANDING +4 longbow of freezing.
 17378 | Orc:2    | 17378 ||| READING scroll of brand weapon.
 17378 | Orc:2    | 17378 ||| BRANDING +4 longbow of draining.
 17379 | Orc:2    | 17379 ||| READING scroll of enchant armour.
 17379 | Orc:2    | 17379 ||| ENCHANTING +1 pair of gloves.
 17389 | Orc:2    | 17389 ||| BUYING 2 potions of cancellation (240 gold).
 17389 | Orc:2    | Bought 2 potions of cancellation for 240 gold pieces
 17389 | Orc:2    | 17389 ||| BUYING 2 potions of might (120 gold).
 17389 | Orc:2    | Bought 2 potions of might for 120 gold pieces
 17389 | Orc:2    | 17389 ||| BUYING potion of cancellation (120 gold).
 17389 | Orc:2    | Bought a potion of cancellation for 120 gold pieces
 17389 | Orc:2    | 17389 ||| BUYING potion of curing (45 gold).
 17389 | Orc:2    | Bought a potion of curing for 45 gold pieces
 17389 | Orc:2    | 17389 ||| BUYING potion of haste (150 gold).
 17389 | Orc:2    | Bought a potion of haste for 150 gold pieces
 17389 | Orc:2    | 17389 ||| BUYING potion of magic (120 gold).
 17389 | Orc:2    | Bought a potion of magic for 120 gold pieces
 17544 | Orc:2    | 17544 ||| INVOKING Heroism.
 17584 | Orc:2    | Found Lyot's Armour Shop.
 17584 | Orc:2    | Found Ubell's Distillery.
 17591 | Orc:2    | 17591 ||| BUYING 2 potions of curing (78 gold).
 17591 | Orc:2    | Bought 2 potions of curing for 78 gold pieces
 17591 | Orc:2    | 17591 ||| BUYING potion of curing (39 gold).
 17591 | Orc:2    | Bought a potion of curing for 39 gold pieces
 17591 | Orc:2    | 17591 ||| BUYING potion of curing (39 gold).
 17591 | Orc:2    | Bought a potion of curing for 39 gold pieces
 17591 | Orc:2    | 17591 ||| BUYING potion of enlightenment (65 gold).
 17591 | Orc:2    | Bought a potion of enlightenment for 65 gold pieces
 17591 | Orc:2    | 17591 ||| BUYING potion of haste (130 gold).
 17591 | Orc:2    | Bought a potion of haste for 130 gold pieces
 17591 | Orc:2    | 17591 ||| BUYING potion of haste (130 gold).
 17591 | Orc:2    | Bought a potion of haste for 130 gold pieces
 17591 | Orc:2    | 17591 ||| BUYING potion of might (52 gold).
 17591 | Orc:2    | Bought a potion of might for 52 gold pieces
 17591 | Orc:2    | 17591 ||| BUYING potion of mutation (104 gold).
 17591 | Orc:2    | Bought a potion of mutation for 104 gold pieces
 17591 | Orc:2    | 17591 ||| BUYING potion of resistance (130 gold).
 17591 | Orc:2    | Bought a potion of resistance for 130 gold pieces
 17736 | Orc:2    | 17736 ||| PLANNING SPIDER:1-3
 17914 | Spider:1 | Entered Level 1 of the Spider Nest
 18292 | Spider:1 | 18292 ||| INVOKING Heroism.
 18318 | Spider:1 | 18318 ||| Stepping ~*~*~tactically~*~*~ (outnumbered).
 18376 | Spider:1 | Found a hide-covered altar of Uskayaw.
 18386 | Spider:1 | 18386 ||| DRINKING 9 potions of curing.
 18386 | Spider:1 | 18386 ||| (to cure confusion)
 18396 | Spider:1 | 18396 ||| DRINKING 8 potions of curing.
 18396 | Spider:1 | 18396 ||| (to cure confusion)
 18610 | Spider:1 | 18610 ||| INVOKING Finesse.
 18763 | Spider:1 | Noticed Aizul
 18764 | Spider:1 | 18764 ||| INVOKING Heroism.
 18765 | Spider:1 | 18765 ||| INVOKING Finesse.
 18780 | Spider:1 | Killed Aizul
 18829 | Spider:1 | 18829 ||| INVOKING Heroism.
 18835 | Spider:1 | 18835 ||| INVOKING Finesse.
 19386 | Spider:2 | 19386 ||| FLEEEEING.
 19387 | Spider:2 | 19387 ||| FLEEEEING.
 19532 | Spider:2 | Reached XP level 17. HP: 163/164 MP: 24/24
 19646 | Spider:2 | Received a gift from Okawaru
 19646 | Spider:2 | Found the +1 cloak of Starlight {*Dazzle EV+4 Stlth--}
 19818 | Spider:2 | 19818 ||| READING scroll of acquirement.
 19818 | Spider:2 | 19818 ||| ACQUIRING 721 gold pieces
 19818 | Spider:2 | Acquired 721 gold pieces
 19821 | Spider:2 | 19821 ||| INVOKING Heroism.
 19855 | Spider:2 | 19855 ||| INVOKING Finesse.
 20003 | Spider:2 | Reached skill level 14 in Fighting
 20325 | Spider:2 | 20325 ||| UPGRADING to +1 cloak of Starlight {*Dazzle EV+4
                  | Stlth--}.
 20335 | Spider:2 | 20335 ||| DROPPING +0 cloak of the Stag {Int+5 Dex+3}.
 20744 | Spider:3 | Noticed Bai Suzhen
 20745 | Spider:3 | 20745 ||| INVOKING Heroism.
 20754 | Spider:3 | Killed Bai Suzhen
 20755 | Spider:3 | Reached skill level 6 in Armour
 20820 | Spider:3 | 20820 ||| INVOKING Heroism.
 20824 | Spider:3 | 20824 ||| Stepping ~*~*~tactically~*~*~ (outnumbered).
 20920 | Spider:3 | 20920 ||| INVOKING Heroism.
 21519 | Spider:3 | 21519 ||| PLANNING SHOALS:1-3
 21519 | Spider:3 | 21519 ||| DROPPING ring of positive energy.
 21831 | Shoals:1 | Entered Level 1 of the Shoals
 21892 | Shoals:1 | Reached skill level 15 in Fighting
 21900 | Shoals:1 | 21900 ||| INVOKING Heroism.
 21956 | Shoals:1 | 21956 ||| INVOKING Heroism.
 22053 | Shoals:1 | 22053 ||| READING scroll of acquirement.
 22053 | Shoals:1 | 22053 ||| ACQUIRING +8 storm bow {elec, penet}
 22053 | Shoals:1 | Acquired the +8 storm bow {elec, penet}
 22053 | Shoals:1 | Found the +8 storm bow {elec, penet}
 22055 | Shoals:1 | 22055 ||| SWAPPING to +8 storm bow {elec, penet}.
 22056 | Shoals:1 | 22056 ||| DROPPING +4 longbow of flaming.
 22471 | Shoals:1 | 22471 ||| DROPPING +2 ring mail of cold resistance.
 22506 | Shoals:2 | 22506 ||| Stepping ~*~*~tactically~*~*~ (outnumbered).
 22509 | Shoals:2 | 22509 ||| Stepping ~*~*~tactically~*~*~ (outnumbered).
 22511 | Shoals:2 | 22511 ||| Stepping ~*~*~tactically~*~*~ (outnumbered).
 22515 | Shoals:2 | 22515 ||| Stepping ~*~*~tactically~*~*~ (outnumbered).
 22516 | Shoals:2 | 22516 ||| Stepping ~*~*~tactically~*~*~ (outnumbered).
 22520 | Shoals:2 | Identified the +8 hand crossbow "Parithae" {penet, rPois
                  | Will+} (Okawaru gifted it to you on level 2 of the Shoals)
 22520 | Shoals:2 | Received a gift from Okawaru
 22523 | Shoals:2 | 22523 ||| Stepping ~*~*~tactically~*~*~ (outnumbered).
 22596 | Shoals:2 | Reached skill level 12 in Dodging
 22646 | Shoals:2 | 22646 ||| INVOKING Heroism.
 22647 | Shoals:2 | 22647 ||| Stepping ~*~*~tactically~*~*~ (outnumbered).
 23220 | Shoals:3 | 23220 ||| INVOKING Heroism.
 23221 | Shoals:3 | 23221 ||| INVOKING Finesse.
 23228 | Shoals:3 | Noticed Ilsuiw
 23239 | Shoals:3 | Killed Ilsuiw
 23272 | Shoals:3 | 23272 ||| INVOKING Heroism.
 23442 | Shoals:3 | 23442 ||| Stepping ~*~*~tactically~*~*~ (outnumbered).
 23446 | Shoals:3 | Identified the +9 arbalest of the Chickpea {drain, *Slow
                  | rC++ rCorr} (Okawaru gifted it to you on level 3 of the
                  | Shoals)
 23446 | Shoals:3 | Received a gift from Okawaru
 23451 | Shoals:3 | 23451 ||| Stepping ~*~*~tactically~*~*~ (outnumbered).
 23459 | Shoals:3 | 23459 ||| INVOKING Heroism.
 23477 | Shoals:3 | 23477 ||| INVOKING Finesse.
 23513 | Shoals:3 | 23513 ||| Stepping ~*~*~tactically~*~*~ (outnumbered).
 23514 | Shoals:3 | 23514 ||| Stepping ~*~*~tactically~*~*~ (outnumbered).
 23522 | Shoals:3 | Reached skill level 16 in Fighting
 23684 | Shoals:3 | 23684 ||| PLANNING SPIDER:4
 24062 | Spider:4 | Entered Level 4 of the Spider Nest
 24064 | Spider:4 | Reached XP level 18. HP: 181/181 MP: 25/25
 24664 | Spider:4 | 24664 ||| INVOKING Heroism.
 24681 | Spider:4 | HP: 41/181 [poisoned by a redback]
 24682 | Spider:4 | 24682 ||| DRINKING 11 potions of curing.
 24682 | Spider:4 | 24682 ||| (to cure confusion)
 24685 | Spider:4 | 24685 ||| READING 15 scrolls of teleportation.
 24686 | Spider:4 | 24686 ||| DRINKING 10 potions of curing.
 24686 | Spider:4 | 24686 ||| (to cure confusion)
 24686 | Spider:4 | HP: 40/181 [moth of wrath (10)]
 24723 | Spider:4 | 24723 ||| FLEEEEING.
 24724 | Spider:4 | 24724 ||| STAIRDANCE
 24787 | Spider:3 | 24787 ||| DROPPING +6 ring of strength.
 24790 | Spider:4 | Received a gift from Okawaru
 25254 | Spider:4 | Got a gossamer rune of Zot
 25284 | Spider:4 | 25284 ||| PLANNING VAULTS:1-4
 25722 | Vaults:1 | Entered Level 1 of the Vaults
 25735 | Vaults:1 | 25735 ||| Stepping ~*~*~tactically~*~*~ (outnumbered).
 25743 | Vaults:1 | 25743 ||| INVOKING Heroism.
 25744 | Vaults:1 | 25744 ||| INVOKING Finesse.
 25913 | Vaults:1 | Found a runed translucent gate.
 25913 | Vaults:1 | Found a runed translucent gate.
 25913 | Vaults:1 | Found a runed translucent gate.
 25913 | Vaults:1 | Noticed Sianeop's ghost (adept GrFi)
 26179 | Vaults:1 | Reached skill level 17 in Fighting
 26635 | Vaults:1 | Identified the +1 ring mail "Zabb" {rC- rN+++ Int-4 Stlth+}
                  | (Okawaru gifted it to you on level 1 of the Vaults)
 26635 | Vaults:1 | Received a gift from Okawaru
 26651 | Vaults:1 | Reached ****** piety under Okawaru
 26929 | Vaults:1 | Found a portal to a secret trove of treasure.
 26975 | Vaults:1 | Found a viscous altar of Jiyva.
 26976 | Vaults:1 | 26976 ||| DROPPING +1 ring mail "Zabb" {rC- rN+++ Int-4
                  | Stlth+}.
 26977 | Vaults:1 | 26977 ||| DROPPING ring of magical power.
 27143 | Vaults:2 | 27143 ||| INVOKING Finesse.
 27326 | Vaults:2 | Reached skill level 18 in Fighting
 27490 | Vaults:2 | Reached XP level 19. HP: 194/195 MP: 26/26
 27542 | Vaults:2 | Found Iqinuigo's Magic Scroll Boutique.
 27547 | Vaults:2 | 27547 ||| BUYING scroll of teleportation (45 gold).
 27547 | Vaults:2 | Bought a scroll of teleportation for 45 gold pieces
 27710 | Vaults:2 | 27710 ||| INVOKING Heroism.
 27711 | Vaults:2 | 27711 ||| INVOKING Finesse.
 28052 | Vaults:2 | Received a gift from Okawaru
 28077 | Vaults:2 | 28077 ||| DROPPING +0 longbow of electrocution.
 28113 | Vaults:2 | 28113 ||| INVOKING Heroism.
 28348 | Vaults:2 | 28348 ||| Stepping ~*~*~tactically~*~*~ (outnumbered).
 28436 | Vaults:2 | 28436 ||| Stepping ~*~*~tactically~*~*~ (outnumbered).
 28704 | Vaults:3 | 28704 ||| Stepping ~*~*~tactically~*~*~ (outnumbered).
 28709 | Vaults:3 | 28709 ||| Stepping ~*~*~tactically~*~*~ (outnumbered).
 28719 | Vaults:3 | 28719 ||| Stepping ~*~*~tactically~*~*~ (outnumbered).
 28727 | Vaults:3 | 28727 ||| INVOKING Finesse.
 28946 | Vaults:3 | Received a gift from Okawaru
 29037 | Vaults:3 | 29037 ||| Stepping ~*~*~tactically~*~*~ (outnumbered).
 29051 | Vaults:3 | 29051 ||| FLEEEEING.
 29054 | Vaults:3 | 29054 ||| INVOKING Heroism.
 29150 | Vaults:3 | Found a staircase to the Crypt.
 29150 | Vaults:3 | Found an ancient bone altar of Kikubaaqudgha.
 29151 | Vaults:3 | Found a basalt altar of Yredelemnul.
 29308 | Vaults:3 | 29308 ||| Stepping ~*~*~tactically~*~*~ (outnumbered).
 29310 | Vaults:3 | 29310 ||| Stepping ~*~*~tactically~*~*~ (outnumbered).
 29315 | Vaults:3 | Reached skill level 19 in Fighting
 29379 | Vaults:3 | 29379 ||| INVOKING Heroism.
 29380 | Vaults:3 | 29380 ||| INVOKING Finesse.
 29655 | Vaults:3 | Found a runed translucent door.
 29655 | Vaults:3 | Found a shimmering altar of Xom.
 29655 | Vaults:3 | Identified the +8 morningstar of Greed {chaos, Int-4 Dex+7
                  | SInv}
 29655 | Vaults:3 | Noticed qw's ghost (adept GrHu)
 30822 | Vaults:3 | 30822 ||| Stepping randomly (stuck).
 30956 | Vaults:4 | 30956 ||| INVOKING Heroism.
 31275 | Vaults:4 | 31275 ||| INVOKING Heroism.
 31276 | Vaults:4 | 31276 ||| INVOKING Finesse.
 31425 | Vaults:4 | Reached skill level 15 in Dodging
 31476 | Vaults:4 | Reached XP level 20. HP: 208/208 MP: 27/27
 31516 | Vaults:4 | Found the +8 demon trident "Rift" {distort, reach+}
 31549 | Vaults:4 | Found a runed translucent gate.
 31549 | Vaults:4 | Found a runed translucent gate.
 31549 | Vaults:4 | Found a runed translucent gate.
 31832 | Vaults:4 | Reached skill level 9 in Armour
 32024 | Vaults:4 | Received a gift from Okawaru
 32026 | Vaults:4 | 32026 ||| Stepping ~*~*~tactically~*~*~ (outnumbered).
 32096 | Vaults:4 | Noticed qw's ghost (adept NaHu)
 32099 | Vaults:4 | 32099 ||| PLANNING SHOALS:4
 32382 | Shoals:4 | Entered Level 4 of the Shoals
 32392 | Shoals:4 | 32392 ||| Stepping ~*~*~tactically~*~*~ (outnumbered).
 32393 | Shoals:4 | 32393 ||| Stepping ~*~*~tactically~*~*~ (outnumbered).
 32395 | Shoals:4 | 32395 ||| Stepping ~*~*~tactically~*~*~ (outnumbered).
 32669 | Shoals:4 | 32669 ||| Waiting to end mesmerise (stuck).
 32687 | Shoals:4 | 32687 ||| Waiting to end mesmerise (stuck).
 32755 | Shoals:4 | 32755 ||| Waiting to end mesmerise (stuck).
 32833 | Shoals:4 | 32833 ||| Waiting to end mesmerise (stuck).
 32848 | Shoals:4 | 32848 ||| Waiting to end mesmerise (stuck).
 32884 | Shoals:4 | 32884 ||| Waiting to end mesmerise (stuck).
 32920 | Shoals:4 | 32920 ||| Waiting to end mesmerise (stuck).
 32944 | Shoals:4 | 32944 ||| Waiting to end mesmerise (stuck).
 32966 | Shoals:4 | 32966 ||| Waiting to end mesmerise (stuck).
 33014 | Shoals:4 | 33014 ||| Waiting to end mesmerise (stuck).
 33041 | Shoals:4 | 33041 ||| Waiting to end mesmerise (stuck).
 33069 | Shoals:4 | 33069 ||| INVOKING Heroism.
 33105 | Shoals:4 | 33105 ||| Waiting to end mesmerise (stuck).
 33253 | Shoals:4 | 33253 ||| INVOKING Heroism.
 33254 | Shoals:4 | 33254 ||| INVOKING Finesse.
 33260 | Shoals:4 | 33260 ||| Stepping ~*~*~tactically~*~*~ (outnumbered).
 33319 | Shoals:4 | Got a barnacled rune of Zot
 33579 | Shoals:4 | 33579 ||| Stepping ~*~*~tactically~*~*~ (outnumbered).
 33605 | Shoals:4 | Identified the +5 whip of Diet Blood {heavy, Str+2 Stlth+}
 33671 | Shoals:4 | 33671 ||| Stepping ~*~*~tactically~*~*~ (outnumbered).
 33672 | Shoals:4 | 33672 ||| Stepping ~*~*~tactically~*~*~ (outnumbered).
 33869 | Shoals:4 | 33869 ||| PLANNING DEPTHS
 33869 | Shoals:4 | 33869 ||| DROPPING amulet of magic regeneration.
 33870 | Shoals:4 | 33870 ||| DROPPING ring of protection from cold.
 34085 | Depths:1 | Entered Level 1 of the Depths
 34090 | Depths:1 | 34090 ||| INVOKING Heroism.
 34091 | Depths:1 | 34091 ||| INVOKING Finesse.
 34110 | Depths:1 | Received a gift from Okawaru
 34162 | Depths:1 | Identified the +7 chain mail of the Moon {rC++ rCorr}
 34166 | Depths:1 | Found a one-way gate leading to the halls of Pandemonium.
 34212 | Depths:1 | 34212 ||| Stepping ~*~*~tactically~*~*~ (outnumbered).
 34220 | Depths:1 | Identified the +5 ring mail of Spite {Str+2 Int+3 Dex+2}
 34221 | Depths:1 | 34221 ||| INVOKING Heroism.
 34222 | Depths:1 | 34222 ||| INVOKING Finesse.
 34265 | Depths:1 | Found a gateway to Hell.
 34296 | Depths:1 | Found a snail-covered altar of Cheibriados.
 34297 | Depths:1 | 34297 ||| INVOKING Heroism.
 34298 | Depths:1 | 34298 ||| INVOKING Finesse.
 34540 | Depths:1 | 34540 ||| INVOKING Heroism.
 34546 | Depths:1 | Reached skill level 20 in Fighting
 34755 | Depths:1 | 34755 ||| DROPPING +0 troll leather armour.
 34756 | Depths:1 | 34756 ||| UPGRADING to +5 ring mail of Spite {Str+2 Int+3
                  | Dex+2}.
 34766 | Depths:1 | 34766 ||| DROPPING +1 robe of Shielding {rElec Regen+
                  | Int+2}.
 34865 | Depths:2 | Found a glowing golden altar of the Shining One.
 35218 | Depths:2 | Found Ygentesch's Assorted Antiques.
 35226 | Depths:2 | 35226 ||| BUYING potion of enlightenment (115 gold).
 35226 | Depths:2 | Bought a potion of enlightenment for 115 gold pieces
 35226 | Depths:2 | 35226 ||| BUYING potion of heal wounds (115 gold).
 35226 | Depths:2 | Bought a potion of heal wounds for 115 gold pieces
 35226 | Depths:2 | 35226 ||| BUYING runed robe (85 gold).
 35226 | Depths:2 | Bought a runed robe for 85 gold pieces
 35249 | Depths:2 | Identified the staff of Dissent {rPois rF+ Str+3 Fire}
 35501 | Depths:2 | 35501 ||| INVOKING Heroism.
 35502 | Depths:2 | 35502 ||| INVOKING Finesse.
 35531 | Depths:2 | Noticed a golden dragon
 35532 | Depths:2 | Reached XP level 21. HP: 197/219 MP: 18/28
 35538 | Depths:2 | Killed a golden dragon
 35538 | Depths:2 | Identified the +7 chain mail of Lies {Harm rF++} (Okawaru
                  | gifted it to you on level 2 of the Depths)
 35538 | Depths:2 | Received a gift from Okawaru
 35579 | Depths:2 | 35579 ||| DRINKING 3 potions of resistance.
 35622 | Depths:2 | 35622 ||| INVOKING Heroism.
 36025 | Depths:2 | 36025 ||| UPGRADING to +0 helmet.
 36035 | Depths:2 | 36035 ||| DROPPING +1 hat.
 36036 | Depths:2 | 36036 ||| DROPPING +0 robe of willpower.
 36614 | Depths:3 | 36614 ||| INVOKING Heroism.
 36615 | Depths:3 | 36615 ||| INVOKING Finesse.
 37004 | Depths:3 | 37004 ||| INVOKING Heroism.
 37005 | Depths:3 | 37005 ||| INVOKING Finesse.
 37192 | Depths:3 | Found a one-way gate to the infinite horrors of the Abyss.
 37246 | Depths:3 | 37246 ||| Stepping ~*~*~tactically~*~*~ (outnumbered).
 37263 | Depths:3 | 37263 ||| INVOKING Heroism.
 37270 | Depths:3 | Reached skill level 12 in Armour
 37456 | Depths:3 | Found a blossoming altar of Fedhas.
 37458 | Depths:3 | 37458 ||| Stepping ~*~*~tactically~*~*~ (outnumbered).
 37540 | Depths:3 | 37540 ||| INVOKING Heroism.
 37665 | Depths:3 | 37665 ||| INVOKING Heroism.
 37697 | Depths:3 | Found a runed translucent door.
 37698 | Depths:3 | Noticed a caustic shrike
 37698 | Depths:3 | Found a runed translucent door.
 39384 | Depths:3 | Noticed a juggernaut
 39958 | Depths:3 | Noticed a golden dragon
 39960 | Depths:3 | 39960 ||| Stepping randomly (stuck).
 40089 | Depths:4 | Entered Level 4 of the Depths
 40090 | Depths:4 | 40090 ||| INVOKING Heroism.
 40104 | Depths:4 | 40104 ||| STAIRDANCE
 40109 | Depths:3 | HP: 54/219 [poisoned by a spriggan defender]
 40110 | Depths:3 | 40110 ||| READING 18 scrolls of teleportation.
 40111 | Depths:3 | 40111 ||| DRINKING 5 potions of heal wounds.
 40617 | Depths:3 | 40617 ||| INVOKING Heroism.
 40875 | Depths:4 | 40875 ||| STAIRDANCE
 40883 | Depths:3 | 40883 ||| INVOKING Heroism.
 41310 | Depths:4 | 41310 ||| STAIRDANCE
 41312 | Depths:3 | 41312 ||| INVOKING Heroism.
 41317 | Depths:3 | HP: 52/219 [white very ugly thing (27)]
 41318 | Depths:3 | 41318 ||| READING 17 scrolls of teleportation.
 41319 | Depths:3 | 41319 ||| DRINKING 4 potions of heal wounds.
 42142 | Depths:4 | Found a glowing silver altar of Zin.
 42217 | Depths:4 | Found a one-way gateway to a ziggurat.
 42235 | Depths:4 | 42235 ||| INVOKING Heroism.
 42442 | Depths:4 | 42442 ||| INVOKING Heroism.
 42506 | Depths:4 | Found a gate to the Realm of Zot.
 42510 | Depths:4 | 42510 ||| INVOKING Heroism.
 42570 | Depths:4 | 42570 ||| INVOKING Heroism.
 42874 | Depths:4 | 42874 ||| PLANNING VAULTS:5
 43150 | Vaults:5 | Entered Level 5 of the Vaults
 43155 | Vaults:5 | 43155 ||| STAIRDANCE
 43157 | Vaults:4 | Received a gift from Okawaru
 43171 | Vaults:4 | 43171 ||| INVOKING Heroism.
 43343 | Vaults:5 | 43343 ||| STAIRDANCE
 43348 | Vaults:4 | 43348 ||| INVOKING Heroism.
 43371 | Vaults:4 | Reached skill level 21 in Fighting
 43613 | Vaults:5 | 43613 ||| STAIRDANCE
 43615 | Vaults:4 | 43615 ||| INVOKING Heroism.
 43638 | Vaults:4 | Reached XP level 22. HP: 62/219 MP: 29/29
 43640 | Vaults:4 | HP: 46/218 [phantasmal warrior (17)]
 43641 | Vaults:4 | 43641 ||| READING 16 scrolls of teleportation.
 43642 | Vaults:4 | 43642 ||| DRINKING 3 potions of heal wounds.
 43971 | Vaults:5 | 43971 ||| INVOKING Heroism.
 44055 | Vaults:5 | 44055 ||| INVOKING Heroism.
 44056 | Vaults:5 | 44056 ||| Stepping ~*~*~tactically~*~*~ (outnumbered).
 44060 | Vaults:5 | 44060 ||| Stepping ~*~*~tactically~*~*~ (outnumbered).
 44069 | Vaults:5 | 44069 ||| INVOKING Heroism.
 44086 | Vaults:5 | HP: 53/228 [tengu reaver/bolt of lightning (21)]
 44087 | Vaults:5 | 44087 ||| READING 15 scrolls of teleportation.
 44088 | Vaults:5 | 44088 ||| DRINKING 2 potions of heal wounds.
 44089 | Vaults:5 | 44089 ||| INVOKING Heroism.
 44108 | Vaults:5 | HP: 50/229 [yaktaur/bolt[a yaktaur captain] (27)]
 44109 | Vaults:5 | 44109 ||| READING 14 scrolls of teleportation.
 44110 | Vaults:5 | 44110 ||| DRINKING potion of heal wounds.
 44415 | Vaults:5 | Noticed a dread lich
 44416 | Vaults:5 | 44416 ||| INVOKING Heroism.
 44421 | Vaults:5 | 44421 ||| DRINKING 2 potions of resistance.
 44423 | Vaults:5 | 44423 ||| Stepping ~*~*~tactically~*~*~ (outnumbered).
 44431 | Vaults:5 | HP: 34/232 [???[a dread lich] (31)]
 44432 | Vaults:5 | 44432 ||| READING 13 scrolls of teleportation.
 44436 | Vaults:5 | 44436 ||| READING 12 scrolls of teleportation.
 44441 | Vaults:5 | HP: 19/232 [vault warden/+0 heavy long sword (9)]
 44456 | Vaults:5 | 44456 ||| READING 11 scrolls of teleportation.
 44461 | Vaults:5 | 44461 ||| READING 10 scrolls of teleportation.
 44465 | Vaults:5 | 44465 ||| READING 9 scrolls of teleportation.
 44471 | Vaults:5 | 44471 ||| READING 8 scrolls of teleportation.
 44472 | Vaults:5 | 44472 ||| INVOKING Heroism.
 44473 | Vaults:5 | HP: 34/232 [frost giant/+1 battleaxe of freezing (2)]
 44533 | Vaults:5 | 44533 ||| INVOKING Heroism.
 44537 | Vaults:5 | Received a gift from Okawaru
 44572 | Vaults:5 | HP: 46/232 [vault warden/+0 bardiche (25)]
 44573 | Vaults:5 | 44573 ||| READING 7 scrolls of teleportation.
 44574 | Vaults:5 | 44574 ||| INVOKING Heroism.
 44578 | Vaults:5 | Noticed a golden dragon
 44579 | Vaults:5 | 44579 ||| READING 6 scrolls of teleportation.
 44586 | Vaults:5 | 44586 ||| READING 5 scrolls of teleportation.
 44587 | Vaults:5 | HP: 41/232 [tentacled monstrosity (2)]
 44590 | Vaults:5 | Identified the amulet of Deefev {Regen+ MP+9 Str+4}
 44591 | Vaults:5 | 44591 ||| READING 4 scrolls of teleportation.
 44592 | Vaults:5 | HP: 33/232 [ironbound convoker/+0 dire flail (7)]
 44594 | Vaults:5 | 44594 ||| Stepping ~*~*~tactically~*~*~ (outnumbered).
 44649 | Vaults:5 | 44649 ||| INVOKING Heroism.
 44735 | Vaults:5 | 44735 ||| INVOKING Heroism.
 44748 | Vaults:5 | Noticed an ancient lich
 44750 | Vaults:5 | 44750 ||| INVOKING Heroism.
 44763 | Vaults:5 | Killed an ancient lich
 44859 | Vaults:5 | 44859 ||| INVOKING Heroism.
 45129 | Vaults:5 | 45129 ||| INVOKING Heroism.
 45130 | Vaults:5 | 45130 ||| Stepping ~*~*~tactically~*~*~ (outnumbered).
 45157 | Vaults:5 | Killed a golden dragon
 45196 | Vaults:5 | 45196 ||| INVOKING Heroism.
 45197 | Vaults:5 | Killed a dread lich
 45198 | Vaults:5 | Reached skill level 22 in Fighting
 45229 | Vaults:5 | 45229 ||| INVOKING Finesse.
 45237 | Vaults:5 | Noticed a golden dragon
 45246 | Vaults:5 | Killed a golden dragon
 45269 | Vaults:5 | Identified the +5 shortbow of Premature Burial {freeze,
                  | rElec rC- Str+6 Int+2}
 45283 | Vaults:5 | Identified the ring "Ohourraki" {rElec Str+7 SInv Stlth-}
 45295 | Vaults:5 | 45295 ||| INVOKING Heroism.
 45305 | Vaults:5 | Received a gift from Okawaru
 45314 | Vaults:5 | Identified the ring "Hogy" {rPois rF+}
 45333 | Vaults:5 | Identified the ring "Inel" {rC++ Dex+6}
 45341 | Vaults:5 | 45341 ||| INVOKING Finesse.
 45357 | Vaults:5 | 45357 ||| INVOKING Heroism.
 45410 | Vaults:5 | 45410 ||| INVOKING Heroism.
 45565 | Vaults:5 | Identified the staff "Kozynes" {Int+3 Conj}
 45568 | Vaults:5 | 45568 ||| READING scroll of enchant armour.
 45568 | Vaults:5 | 45568 ||| ENCHANTING +0 helmet.
 45703 | Vaults:5 | Identified the +10 mace of Sloth {heavy, rPois}
 45713 | Vaults:5 | Reached XP level 23. HP: 216/243 MP: 30/30
 45788 | Vaults:5 | Identified the +0 robe "Erho" {*Corrode Str+5}
 45792 | Vaults:5 | Identified the +1 triple crossbow of the Asp {antimagic,
                  | Fragile Fly Will++ Str+3}
 45952 | Vaults:5 | Got a silver rune of Zot
 46017 | Vaults:5 | Identified the staff "Dogg" {*Corrode rPois Str+5 Int+2
                  | SInv Poison}
 46018 | Vaults:5 | Identified the +1 robe of the Cursing Gods {+Blink rC- rN+}
 46318 | Vaults:5 | 46318 ||| DROPPING +0 robe "Erho" {*Corrode Str+5}.
 46319 | Vaults:5 | 46319 ||| PLANNING SHOPPING SPREE
 46319 | Vaults:5 | 46319 ||| DROPPING +1 pair of gloves of infusion.
 46320 | Vaults:5 | 46320 ||| DROPPING +1 robe of the Cursing Gods {+Blink rC-
                  | rN+}.
 46321 | Vaults:5 | 46321 ||| DROPPING ring of protection from fire.
 46322 | Vaults:5 | 46322 ||| UPGRADING to ring "Inel" {rC++ Dex+6}.
 46324 | Vaults:5 | 46324 ||| UPGRADING to +6 ring of dexterity.
 46326 | Vaults:5 | 46326 ||| DROPPING +5 ring of evasion.
 46746 | D:1      | 46746 ||| BUYING scroll of enchant armour (105 gold).
 46746 | D:1      | Bought a scroll of enchant armour for 105 gold pieces
 46746 | D:1      | 46746 ||| BUYING scroll of enchant weapon (105 gold).
 46746 | D:1      | Bought a scroll of enchant weapon for 105 gold pieces
 46746 | D:1      | 46746 ||| READING scroll of enchant armour.
 46746 | D:1      | 46746 ||| ENCHANTING +1 helmet.
 46747 | D:1      | 46747 ||| PLANNING ZOT:1-4
 47076 | Zot:1    | Entered Level 1 of the Realm of Zot
 47122 | Zot:1    | 47122 ||| INVOKING Heroism.
 47139 | Zot:1    | Noticed a golden dragon
 47143 | Zot:1    | Killed a golden dragon
 47207 | Zot:1    | Identified the +8 sling of the Hungering Gods {antimagic,
                  | Str+5 Dex-5}
 47221 | Zot:1    | 47221 ||| READING scroll of enchant armour.
 47221 | Zot:1    | 47221 ||| ENCHANTING +1 barding of fire resistance.
 47231 | Zot:1    | 47231 ||| Stepping ~*~*~tactically~*~*~ (outnumbered).
 47237 | Zot:1    | 47237 ||| Stepping ~*~*~tactically~*~*~ (cloud).
 47246 | Zot:1    | 47246 ||| Stepping ~*~*~tactically~*~*~ (outnumbered).
 47502 | Zot:1    | 47502 ||| Stepping ~*~*~tactically~*~*~ (outnumbered).
 47503 | Zot:1    | 47503 ||| Stepping ~*~*~tactically~*~*~ (outnumbered).
 47504 | Zot:1    | 47504 ||| Stepping ~*~*~tactically~*~*~ (outnumbered).
 47505 | Zot:1    | 47505 ||| Stepping ~*~*~tactically~*~*~ (outnumbered).
 47513 | Zot:1    | 47513 ||| INVOKING Heroism.
 47517 | Zot:1    | 47517 ||| Stepping ~*~*~tactically~*~*~ (outnumbered).
 47546 | Zot:1    | Reached skill level 18 in Dodging
 47792 | Zot:1    | 47792 ||| INVOKING Heroism.
 47853 | Zot:1    | 47853 ||| INVOKING Heroism.
 47903 | Zot:1    | 47903 ||| INVOKING Heroism.
 47922 | Zot:1    | 47922 ||| Stepping ~*~*~tactically~*~*~ (outnumbered).
 47924 | Zot:1    | 47924 ||| Stepping ~*~*~tactically~*~*~ (outnumbered).
 47926 | Zot:1    | 47926 ||| Stepping ~*~*~tactically~*~*~ (outnumbered).
 47941 | Zot:1    | 47941 ||| Stepping ~*~*~tactically~*~*~ (outnumbered).
 47994 | Zot:1    | 47994 ||| INVOKING Heroism.
 48253 | Zot:2    | 48253 ||| DRINKING potion of resistance.
 48490 | Zot:2    | 48490 ||| INVOKING Heroism.
 48692 | Zot:2    | 48692 ||| INVOKING Heroism.
 48694 | Zot:2    | 48694 ||| Stepping ~*~*~tactically~*~*~ (outnumbered).
 48737 | Zot:2    | 48737 ||| INVOKING Heroism.
 49045 | Zot:2    | Noticed an orb of fire
 49046 | Zot:2    | 49046 ||| INVOKING Heroism.
 49053 | Zot:2    | Gained mutation: Your spells are a little easier to cast,
                  | but a little less powerful. [an orb of fire]
 49055 | Zot:2    | Gained mutation: You have hidden genetic defects. [an orb
                  | of fire]
 49065 | Zot:2    | Killed an orb of fire
 49340 | Zot:2    | Identified the +8 orcbow of the Blue Skies {drain, Int+9}
 49807 | Zot:2    | 49807 ||| Stepping ~*~*~tactically~*~*~ (outnumbered).
 49809 | Zot:2    | 49809 ||| Stepping ~*~*~tactically~*~*~ (outnumbered).
 49814 | Zot:2    | 49814 ||| Stepping ~*~*~tactically~*~*~ (outnumbered).
 49828 | Zot:2    | 49828 ||| Stepping ~*~*~tactically~*~*~ (outnumbered).
 49839 | Zot:2    | 49839 ||| INVOKING Heroism.
 50566 | Zot:3    | Noticed a golden dragon
 50567 | Zot:3    | 50567 ||| INVOKING Heroism.
 50568 | Zot:3    | 50568 ||| INVOKING Finesse.
 50568 | Zot:3    | Noticed a golden dragon
 50573 | Zot:3    | Killed a golden dragon
 50581 | Zot:3    | Killed a golden dragon
 50586 | Zot:3    | Gained mutation: You sometimes lose your temper in combat.
                  | [hidden defects]
 50662 | Zot:3    | 50662 ||| INVOKING Heroism.
 50663 | Zot:3    | 50663 ||| INVOKING Finesse.
 50669 | Zot:3    | Received a gift from Okawaru
 50711 | Zot:3    | 50711 ||| Stepping ~*~*~tactically~*~*~ (outnumbered).
 50712 | Zot:3    | 50712 ||| Stepping ~*~*~tactically~*~*~ (outnumbered).
 50723 | Zot:3    | 50723 ||| INVOKING Heroism.
 50862 | Zot:3    | 50862 ||| DRINKING 9 potions of mutation.
 50862 | Zot:3    | Lost mutation: Your spells are a little easier to cast, but
                  | a little less powerful. [potion of mutation]
 50862 | Zot:3    | Lost mutation: You sometimes lose your temper in combat.
                  | [potion of mutation]
 50862 | Zot:3    | Gained mutation: You occasionally lose the ability to read
                  | scrolls when taking damage. [potion of mutation]
 50862 | Zot:3    | Gained mutation: You are weak. (Str -2) [potion of
                  | mutation]
 50862 | Zot:3    | Gained mutation: You are clumsy. (Dex -2) [potion of
                  | mutation]
 50862 | Zot:3    | Gained mutation: Your tail ends in a venomous barb. [potion
                  | of mutation]
 50863 | Zot:3    | 50863 ||| DRINKING 8 potions of mutation.
 50863 | Zot:3    | Lost mutation: You are clumsy. (Dex -2) [potion of
                  | mutation]
 50863 | Zot:3    | Lost mutation: You are weak. (Str -2) [potion of mutation]
 50863 | Zot:3    | Lost mutation: Your tail ends in a venomous barb. [potion
                  | of mutation]
 50863 | Zot:3    | Gained mutation: Your natural rate of healing is unusually
                  | fast. [potion of mutation]
 50863 | Zot:3    | Gained mutation: You have a pair of small horns on your
                  | head. [potion of mutation]
 50863 | Zot:3    | Gained mutation: You are robust. (+10% HP) [potion of
                  | mutation]
 50880 | Zot:3    | 50880 ||| DRINKING 7 potions of mutation.
 50880 | Zot:3    | Lost mutation: You have a pair of small horns on your head.
                  | [potion of mutation]
 50880 | Zot:3    | Lost mutation: Your natural rate of healing is unusually
                  | fast. [potion of mutation]
 50880 | Zot:3    | Lost mutation: You occasionally lose the ability to read
                  | scrolls when taking damage. [potion of mutation]
 50880 | Zot:3    | Gained mutation: You expend magic power (3 MP) to
                  | strengthen your wands. [potion of mutation]
 50880 | Zot:3    | Gained mutation: You are agile. (Dex +4, Str/Int -1)
                  | [potion of mutation]
 50880 | Zot:3    | Gained mutation: Your tail ends in a venomous barb. [potion
                  | of mutation]
 50979 | Zot:3    | 50979 ||| INVOKING Heroism.
 50985 | Zot:3    | Reached skill level 23 in Fighting
 51015 | Zot:3    | 51015 ||| INVOKING Finesse.
 51058 | Zot:3    | Found Rotimita's CLEARANCE SALE!.
 51061 | Zot:3    | 51061 ||| BUYING potion of cancellation (48 gold).
 51061 | Zot:3    | Bought a potion of cancellation for 48 gold pieces
 51082 | Zot:3    | Noticed a golden dragon
 51083 | Zot:3    | 51083 ||| INVOKING Heroism.
 51087 | Zot:3    | 51087 ||| Stepping ~*~*~tactically~*~*~ (outnumbered).
 51108 | Zot:3    | Killed a golden dragon
 51137 | Zot:3    | Reached XP level 24. HP: 281/281 MP: 30/30
 51139 | Zot:3    | 51139 ||| INVOKING Heroism.
 51316 | Zot:3    | Gained mutation: You are dopey. (Int -2) [hidden defects]
 51316 | Zot:3    | Lost mutation: You have hidden genetic defects. [hidden
                  | defects expressed]
 51570 | Zot:3    | You fall into a shaft and drop 1 floor!
 51584 | Zot:4    | 51584 ||| INVOKING Heroism.
 51729 | Zot:4    | 51729 ||| UPGRADING to +2 helmet.
 52028 | Zot:4    | Noticed a Killer Klown
 52029 | Zot:4    | 52029 ||| INVOKING Heroism.
 52030 | Zot:4    | 52030 ||| INVOKING Finesse.
 52045 | Zot:4    | Killed a Killer Klown
 52198 | Zot:4    | 52198 ||| INVOKING Heroism.
 52345 | Zot:4    | 52345 ||| Stepping ~*~*~tactically~*~*~ (outnumbered).
 52346 | Zot:4    | 52346 ||| Stepping ~*~*~tactically~*~*~ (outnumbered).
 52349 | Zot:4    | 52349 ||| Stepping ~*~*~tactically~*~*~ (outnumbered).
 52379 | Zot:4    | 52379 ||| Stepping ~*~*~tactically~*~*~ (outnumbered).
 52383 | Zot:4    | Paralysed by a Zot trap for 5 turns
 52389 | Zot:4    | 52389 ||| INVOKING Heroism.
 52390 | Zot:4    | 52390 ||| Stepping ~*~*~tactically~*~*~ (outnumbered).
 52414 | Zot:4    | Reached skill level 15 in Armour
 52473 | Zot:4    | 52473 ||| INVOKING Heroism.
 52476 | Zot:4    | 52476 ||| INVOKING Finesse.
 52520 | Zot:4    | 52520 ||| INVOKING Heroism.
 52980 | Zot:4    | Identified the +0 storm dragon scales of Quantum Leap
                  | {rElec Dex+5 Stlth-} (Okawaru gifted it to you on level 4
                  | of the Realm of Zot)
 52980 | Zot:4    | Received a gift from Okawaru
 53044 | Zot:4    | 53044 ||| PLANNING ORB
 53054 | Zot:5    | Entered Level 5 of the Realm of Zot
 53091 | Zot:5    | 53091 ||| Stepping ~*~*~tactically~*~*~ (outnumbered).
 53109 | Zot:5    | 53109 ||| INVOKING Heroism.
 53114 | Zot:5    | 53114 ||| Stepping ~*~*~tactically~*~*~ (outnumbered).
 53234 | Zot:5    | 53234 ||| INVOKING Heroism.
 53320 | Zot:5    | 53320 ||| INVOKING Heroism.
 53453 | Zot:5    | 53453 ||| INVOKING Heroism.
 53466 | Zot:5    | Noticed a dread lich
 53467 | Zot:5    | 53467 ||| INVOKING Finesse.
 53477 | Zot:5    | Killed a dread lich
 53478 | Zot:5    | Reached skill level 24 in Fighting
 53488 | Zot:5    | Noticed a dread lich
 53493 | Zot:5    | Noticed a dread lich
 53496 | Zot:5    | Noticed an orb of fire
 53502 | Zot:5    | Noticed an orb of fire
 53502 | Zot:5    | Noticed an orb of fire
 53505 | Zot:5    | Noticed an orb of fire
 53506 | Zot:5    | Noticed an orb of fire
 53507 | Zot:5    | Noticed an orb of fire
 53507 | Zot:5    | HP: 36/286 [Orb Guardian (40)]
 53508 | Zot:5    | 53508 ||| READING 5 scrolls of teleportation.
 53508 | Zot:5    | HP: 8/286 [orb of fire/bolt of fire (28)]
 53511 | Zot:5    | Noticed an orb of fire
 53513 | Zot:5    | HP: 4/286 [Executioner[a dread lich] (5)]
 53516 | Zot:5    | Gained mutation: You occasionally lose the ability to drink
                  | potions when taking damage. [an orb of fire]
 53516 | Zot:5    | Demolished by an Orb Guardian

Levels and vault maps discovered:
D:1:      eino_arrival_water_star, layout_basic, serial_shops, shop,
          minmay_tripent
D:2:      wad_crossroads, layout_rooms
D:3:      layout_basic, chequers_big_river, hex_intersection,
          lightli_corner_chamber
D:4:      layout_rooms, old_standard_altar, mainiacjoe_overflow_tiny_flanked
D:5:      layout_cave_pools, okawaru_trees_2,
          yredelemnul_forgotten_temple_becter, minmay_fractal_squares_gapless_5
D:6:      layout_loops_corners, minmay_temple_entry_hall, uniq_duvessa
D:7:      wander_river, layout_cave_pools, mainiacjoe_overflow_six_doors_small,
          enter_bailey_5
D:8:      layout_rooms, kennysheep_little_box, amcnicky_altar_gilded,
          chequers_hall_statues_wall_a, dreamdust_wishing_well,
          serial_bayou_lagoon_a, hellmonk_guarded_unrand_gong
D:9:      layout_basic, nicolae_overflow_crystal_walls, elyvilon_altar_4,
          hiddenorc2_lemuel
D:10:     layout_basic, xom_butterflies
D:11:     layout_rooms, minmay_lair_entry_grove, uniq_urug
D:12:     layout_irregular_city
D:13:     minmay_textured_paths, layout_long_grid, grunt_vaults_entry_fortified,
          serial_bayou_lake_a
D:14:     layout_cave_pods, dreamdust_princess_bridge,
          nicolae_diode_intersection, uniq_kirke
D:15:     hangedman_depths_entry_civil_slaughter, layout_loops_ring,
          chequers_jeans, corexii_hall_statues_s, uniq_azrael, uniq_roxanne
Lair:1:   layout_regular_city
Lair:2:   layout_chaotic_city, minmay_shoals_entry_hut, gauntlet_entry_generic,
          beast_lair_carwin_1, lemuel_fruit_fields, serial_bayou_shore_a,
          lemuel_fruit_tree
Lair:3:   layout_roguey, nicolae_spider_entry_orb_guardian, uniq_nessos
Lair:4:   nzn_winding_woodlands_three_and_one [nzn_winding_woodlands_5x15_eye,
          nzn_winding_woodlands_5x15_cabin,
          nzn_winding_woodlands_5x15_concentric,
          nzn_winding_woodlands_center_pierced_h], layout_misc_corridors,
          slime_entry_1, grunt_megastairs_3, serial_bayou_shore_b, uniq_snorg
Lair:5:   evilmike_catoblepas_cave, layout_small_grid, serial_bayou_shore_b,
          infiniplex_staircase_pool_2, grunt_megastairs_4
Shoals:1: layout_shoals, yaktaur_hedge
Shoals:2: layout_shoals, st_cyclops
Shoals:3: layout_shoals, nicolae_shoals_water_booths, uniq_ilsuiw
Shoals:4: shoals_end_simple, layout_shoals, nicolae_shoals_circle_sea_wall
Spider:1: layout_cave_pods, nicolae_spider_altar_of_dancing, uniq_aizul
Spider:2: layout_spider_delve
Spider:3: layout_spider_delve, hangedman_spider_tarantella_strand,
          uniq_bai_suzhen
Spider:4: grunt_spider_rune_parallel, worms_lemuel
Orc:1:    layout_caves, serial_shops, shop, basic_altar
Orc:2:    st_orc_town, layout_diamond_mine, mines1_david
Vaults:1: gammafunk_ghost_ooze, nicolae_vaults_layer_cake_slice,
          nicolae_vaults_mini_display_case, hangedman_vaults_hat, v_pattern_1,
          nicolae_vaults_little_squares_5, ontoclasm_vaults_fault,
          layout_vaults_omnigrid, nicolae_trove_entry_diagonal
Vaults:2: nicolae_vaults_house_1, hangedman_vaults_unwind, v_misc_27,
          nicolae_vaults_trapezoid_lopsided_2, nicolae_vaults_tetromino_T_2,
          layout_vaults_chaotic_city, serial_shops,
          nicolae_shop_just_a_little_nook
Vaults:3: ebering_ghost_xom, vaults_room_ringed_pool,
          minmay_crypt_entry_necro_gods, nicolae_vaults_loss_of_containment,
          nicolae_vaults_door_testing_chamber, nicolae_vaults_circle_grid_a,
          vaults_room_fancy_cross, vaults_room_octagon,
          nicolae_vaults_closet_pinwheel_5, nicolae_vaults_six-pack,
          nicolae_vaults_yaktaur_gun_rack, nicolae_vaults_theta,
          nicolae_vaults_trapezoid_1, nicolae_vaults_variable_pillar_hall,
          layout_vaults_omnicross
Vaults:4: ebering_ghost_rock_garden, nicolae_vaults_little_ls, v_alt_pattern_4,
          v_rooms_4, nicolae_vaults_steering_wheel, hangedman_vaults_nails,
          nicolae_vaults_circle_grid_a, nicolae_vaults_house_3,
          nicolae_vaults_variable_pillar_hall, nicolae_vaults_storage_closets_1,
          nicolae_vaults_six-pack, nicolae_vaults_diamond_1, grunt_vaults_focal,
          v_misc_24, nicolae_vaults_apartment_1,
          nicolae_vaults_little_squares_3, layout_vaults_ring
Vaults:5: serial_shops
Depths:1: layout_cave_pools, hell_entry, nrook_pool_corridor, pan_entry,
          slow_altar_1
Depths:2: thingy_vault, layout_gridlike, infiniplex_staircase_spiral_double,
          serial_shops, shop, pan_entry, pf_hell_entry_tar_river,
          nicolae_tso_swordbearing_angel
Depths:3: minmay_the_grid_triangle_9x9_recursive_3
          [minmay_the_grid_triangle_9x9_tough_junction,
          minmay_the_grid_triangle_9x9_empty,
          minmay_the_grid_triangle_9x9_steps,
          minmay_the_grid_triangle_9x9_prize_insulated,
          minmay_the_grid_triangle_9x9_negative_grid,
          minmay_the_grid_triangle_9x9_alien,
          minmay_the_grid_triangle_9x9_shrine,
          minmay_the_grid_triangle_9x9_flanged_cone,
          minmay_the_grid_triangle_9x9_corruption], layout_gridville,
          hell_entry, abyss_entry, grunt_ministairs_15, minmay_staircase_bubble
Depths:4: evilmike_zot_entry_round, layout_cave_pools, enter_ziggurat_b,
          hell_entry, pan_entry, dk_noncrumbling_3, minmay_misc_feat_x,
          zin_angel
Zot:1:    layout_basic, st_small_dragon_hoard_2
Zot:2:    layout_concentric_octagons, lemuel_elevator
Zot:3:    layout_cathedral_of_symmetry, nicolae_shop_clearance
Zot:4:    lemuel_halls_of_wrath, layout_basic
Zot:5:    layout_twisted_circle, bh_zot_levy_curve

Skill      XL: |  1  2  3  4  5  6  7  8  9 10 11 12 13 14 15 16 17 18 19 20 21 22 23 24 |
---------------+-------------------------------------------------------------------------+-----
Ranged Weapons | 4 5 6 7 9 10 12 13 14 16 18 19 20 | 20.0
Fighting       | 3 4 5 7 8 9 10 11 12 13 16 18 19 20 21 22 23 24 | 24.0
Dodging        | 2 3 4 5 6 7 9 11 12 13 15 16 17 19 20 | 20.1
Invocations    | 3 4 8 10 | 10.1
Armour         | 1 3 4 5 6 7 8 10 13 14 15 | 15.0
Stealth        | |  1.5

Action                     |  1- 3 |  4- 6 |  7- 9 | 10-12 | 13-15 | 16-18 | 19-21 | 22-24 || total
---------------------------+-------+-------+-------+-------+-------+-------+-------+-------++-------
   Fire: Shortbow          |    58 |    86 |   194 |   648 |    73 |       |       |       ||  1059
         Longbow           |       |       |       |       |   925 |  1503 |  1887 |  1459 ||  5774
 Invoke: Heroism           |       |       |     9 |    15 |    24 |    22 |    30 |    44 ||   144
         Finesse           |       |       |       |     3 |    13 |     9 |    11 |     8 ||    44
Ability: Spit Poison       |    23 |    27 |    51 |    57 |       |       |       |       ||   158
    Use: Scroll            |     8 |     3 |     7 |     8 |     5 |     7 |     2 |    17 ||    57
         Potion            |     2 |       |     3 |     1 |     1 |     4 |     3 |     8 ||    22
 Armour: Leather armour    |     2 |       |       |       |       |       |       |       ||     2
         Robe              |       |     1 |    18 |    35 |    99 |   106 |    64 |       ||   323
         Ring mail         |       |       |       |       |       |       |   153 |   213 ||   366
  Dodge: Dodged            |    13 |    24 |    62 |   217 |   335 |   686 |  1017 |  1083 ||  3437

Table legend:
 A = Non-vault XP
 B = Vault XP
 C = Vault XP percentage of total XP
 D = Non-vault monster count
 E = Vault monster count
 F = Vault count percentage of total count
                 A         B        C        D         E       F
            +---------+---------+-------+---------+---------+-------
      Total |  549250 |  408005 |  42.6 |    1114 |     612 |  35.5
            +---------+---------+-------+---------+---------+-------
        D:1 |      22 |       3 |  12.0 |      15 |       2 |  11.8
        D:2 |      40 |       7 |  14.9 |      16 |       4 |  20.0
        D:3 |      43 |       0 |   0.0 |      20 |       0 |   0.0
        D:4 |     346 |       0 |   0.0 |      26 |       0 |   0.0
        D:5 |     834 |     220 |  20.9 |      26 |       6 |  18.8
        D:6 |     988 |     214 |  17.8 |      27 |       2 |   6.9
        D:7 |     699 |       8 |   1.1 |      18 |       4 |  18.2
        D:8 |    2924 |     910 |  23.7 |      19 |       2 |   9.5
        D:9 |    2711 |     270 |   9.1 |      25 |      33 |  56.9
       D:10 |    5060 |       0 |   0.0 |      32 |       0 |   0.0
       D:11 |    2546 |    2978 |  53.9 |      11 |      14 |  56.0
       D:12 |    2159 |       0 |   0.0 |      12 |       0 |   0.0
       D:13 |    5051 |   13627 |  73.0 |      14 |      20 |  58.8
       D:14 |   16678 |    1377 |   7.6 |      41 |       1 |   2.4
       D:15 |   15407 |    8401 |  35.3 |      30 |      15 |  33.3
     Lair:1 |    7026 |       0 |   0.0 |      25 |       0 |   0.0
     Lair:2 |    2344 |    1249 |  34.8 |      14 |       8 |  36.4
     Lair:3 |    7993 |    1754 |  18.0 |      29 |       2 |   6.5
     Lair:4 |    4294 |   12107 |  73.8 |      24 |      30 |  55.6
     Lair:5 |    8845 |   12302 |  58.2 |      39 |      25 |  39.1
   Shoals:1 |   11583 |     343 |   2.9 |      20 |       1 |   4.8
   Shoals:2 |    3567 |    4409 |  55.3 |       7 |       8 |  53.3
   Shoals:3 |    8428 |    6802 |  44.7 |      17 |      10 |  37.0
   Shoals:4 |   11238 |   19604 |  63.6 |      24 |      35 |  59.3
   Spider:1 |   15307 |    3329 |  17.9 |      42 |       9 |  17.6
   Spider:2 |   14756 |       0 |   0.0 |      36 |       0 |   0.0
   Spider:3 |   15279 |    3163 |  17.2 |      28 |       2 |   6.7
   Spider:4 |    9876 |   24792 |  71.5 |      25 |      48 |  65.8
      Orc:1 |    2886 |       0 |   0.0 |      27 |       0 |   0.0
      Orc:2 |    3923 |    8486 |  68.4 |      37 |      54 |  59.3
   Vaults:1 |   14553 |    7776 |  34.8 |      22 |      12 |  35.3
   Vaults:2 |   44443 |    7942 |  15.2 |      56 |      12 |  17.6
   Vaults:3 |   11524 |   11177 |  49.2 |      15 |      20 |  57.1
   Vaults:4 |   30751 |   31615 |  50.7 |      41 |      39 |  48.8
   Vaults:5 |   11559 |  101073 |  89.7 |      17 |      80 |  82.5
   Depths:1 |   22771 |     940 |   4.0 |      31 |       1 |   3.1
   Depths:2 |    9006 |   22654 |  71.6 |      11 |      21 |  65.6
   Depths:3 |   29679 |   16534 |  35.8 |      38 |      16 |  29.6
   Depths:4 |   11313 |   13578 |  54.5 |      14 |      12 |  46.2
      Zot:1 |   36524 |    4646 |  11.3 |      35 |       3 |   7.9
      Zot:2 |   48212 |    1225 |   2.5 |      40 |       1 |   2.4
      Zot:3 |   40806 |       0 |   0.0 |      30 |       0 |   0.0
      Zot:4 |   25100 |   39416 |  61.1 |      15 |      49 |  76.6
      Zot:5 |   30156 |   23074 |  43.3 |      23 |      11 |  32.4
            +---------+---------+-------+---------+---------+-------
